 Dungeon Crawl Stone Soup version 0.31-a0-267-g3fc6992b3b (webtiles) character file.

Game seed: 11113908447953286862

72011 qw the Marksgargoyle (level 15, -3/100 HPs)
             Began as a Gargoyle Hexslinger on July 14, 2023.
             Was a High Priest of Okawaru.
             Slain by a cyan ugly thing (10 damage)
             ... on level 14 of the Dungeon.
             The game lasted 00:27:16 (21208 turns).

qw the Marksgargoyle (Gargoyle Hexslinger)         Turns: 21208, Time: 00:27:17

Health: -3/100     AC: 35    Str: 17    XL:     15   Next: 38%
Magic:  33/33      EV: 21    Int: 12    God:    Okawaru [*****.]
Gold:   1212       SH:  0    Dex: 24    Spells: 15/16 levels left

rFire   + . .        p - +0 longbow
rCold   + . .        (shield currently unavailable)
rNeg    + . .        e - +5 ring mail "Rapsot" {rCorr}
rPois   inf          n - +0 helmet of Ashenzari's Regard {rPois}
rElec   +            (no cloak)
rCorr   +            r - +2 pair of gloves of the Ten of Swords {rF+ MP+9 Str+4}
SInv    +            u - +2 pair of boots
Will    +....        d - amulet of faith
Stlth   +++          h - +6 ring of dexterity
HPRegen 0.36/turn    q - ring of protection from cold
MPRegen 0.23/turn

%: faith
@: heroic, flying
A: sickness immunity, AC +11, big wings, negative energy resistance 1,
electricity resistance, torment resistance 1, petrification resistance,
iridescent scales 1, see invisible, dopey 1, high MP 1
a: Renounce Religion, Heroism, Finesse, Duel


You were on level 14 of the Dungeon.
You worshipped Okawaru.
Okawaru was extremely pleased with you.
You visited 3 branches of the dungeon, and saw 20 of its levels.

You collected 1377 gold pieces.
You spent 165 gold pieces at shops.


Innate Abilities, Weirdness & Mutations

You are immune to sickness and miasma.
Your stone body is resilient. (AC +11)
You are immune to poison.
Your large and strong wings let you fly.
You resist negative energy. (rN+)
You are resistant to electric shocks. (rElec)
You are resistant to unholy torment.
You are immune to petrification.
You are partially covered in iridescent scales. (AC +2)
You have supernaturally acute eyesight. (SInv)
You are dopey. (Int -2)
You have an increased reservoir of magic. (+10% MP)


   Skills:
 - Level 14.0(19.0) Fighting
 + Level 18.2(23.2) Ranged Weapons
 - Level 9.0(14.0) Armour
 - Level 8.0(13.0) Dodging
 - Level 1.0 Spellcasting
 - Level 2.6 Hexes
 - Level 10.0 Invocations


You had 15 spell levels left.
You knew the following spells:

 Your Spells              Type           Power      Damage    Failure   Level
a - Slow                  Hex            28%        N/A       16%         1

Your spell library contained the following spells:

 Spells                   Type           Power      Damage    Failure   Level
 Inner Flame              Hex/Fire       3%         N/A       61%         3
 Portal Projectile        Hex/Tloc       6%         N/A       61%         3
 Cause Fear               Hex            3%         N/A       83%         4

Inventory:

Hand Weapons
 p - a +0 longbow (weapon)
Armour
 e - the +5 ring mail "Rapsot" (worn) {rCorr}
   (You found it on level 2 of the Dungeon)

   rCorr:     It protects you from acid and corrosion.
 m - a +0 leather armour of fire resistance
 n - the +0 helmet of Ashenzari's Regard (worn) {rPois}
   (You found it on level 8 of the Dungeon)

   rPois:     It protects you from poison.
 r - the +2 pair of gloves of the Ten of Swords (worn) {rF+ MP+9 Str+4}
   (You found it on level 1 of the Lair of Beasts)

   Str:       It affects your strength (+4).
   rF:        It protects you from fire.
   MP:        It affects your magic capacity (+9).
 u - a +2 pair of boots (worn)
Jewellery
 c - a ring of fire
 d - an amulet of faith (around neck)
 h - a +6 ring of dexterity (left hand)
 i - an amulet of reflection
 q - a ring of protection from cold (right hand)
 Y - the ring of Tulips {rElec rN+ Int+2}
   (You found it on level 9 of the Dungeon)

   [ring of positive energy]

   Int:       It affects your intelligence (+2).
   rElec:     It insulates you from electricity.
   rN:        It protects you from negative energy.
Wands
 v - a wand of digging (5)
Scrolls
 f - 6 scrolls of identify
Potions
 a - 3 potions of curing
 b - 3 potions of mutation
 g - 5 potions of might
 j - 2 potions of cancellation
 k - 4 potions of haste
 o - a potion of resistance
 t - 2 potions of enlightenment

Dungeon Overview and Level Annotations

Branches:
Dungeon (14/15)            Temple (1/1) D:7            Lair (5/5) D:11
  Swamp (0/4) Lair:2        Snake (0/4) Lair:2        Slime (0/5) Lair:4
    Orc (0/2) D:10
 Vaults: D:13-14

Altars:
Ashenzari
Cheibriados
Dithmenos
Elyvilon
Fedhas
Gozag
Hepliaklqana
Kikubaaqudgha
Makhleb
Nemelex Xobeh
Okawaru
Qazlal
Ru
Sif Muna
Trog
Uskayaw
Vehumet
Wu Jian
Xom
Yredelemnul
Zin
The Shining One
Ignis
Jiyva

Shops:
D:4 **=   D:12 (

Annotations:
D:4 2 transporters
D:6 2 transporters, qw's ghost, novice GrHs
Lair:2 1 runed translucent door, qw's ghost, journeyman GrFi


Message History

The brown ugly thing basks in the mutagenic energy from its kin and changes!
The two-headed ogre completely misses you.
The two-headed ogre hits you with a +0 giant club!
You shoot an arrow.
The arrow barely misses the green ugly thing.
The cyan ugly thing pecks you but does no damage.
The brown ugly thing basks in the mutagenic energy from its kin and changes!
The two-headed ogre misses you.
The two-headed ogre completely misses you.
The green ugly thing barely misses you.
You shoot an arrow. The arrow hits the green ugly thing!!!
You kill the green ugly thing!
Okawaru accepts your kill.
The cyan ugly thing completely misses you.
The two-headed ogre closely misses you.
The two-headed ogre hits you with a +0 giant spiked club!
The two-headed ogre misses you.
The two-headed ogre completely misses you.
The white ugly thing basks in the mutagenic energy from its kin and changes!
You shoot an arrow.
The arrow barely misses the cyan ugly thing.
The arrow barely misses the ogre mage.
The cyan ugly thing closely misses you. The two-headed ogre misses you.
The two-headed ogre hits you with a +0 giant spiked club!
The cyan ugly thing gores you. The cyan ugly thing shocks you. You resist.
The cyan ugly thing basks in the mutagenic energy from its kin and changes!
You shoot an arrow.
The arrow barely misses the cyan ugly thing.
The arrow hits the ogre mage!!
The ogre mage is severely wounded.
The two-headed ogre closely misses you. x2
The cyan ugly thing basks in the mutagenic energy from its kin and changes!
You shoot an arrow.
The arrow completely misses the green ugly thing.
The arrow hits the ogre mage but does no damage.
The ogre mage is severely wounded.
The two-headed ogre completely misses you.
The two-headed ogre hits you but does no damage.
The cyan ugly thing gores you!
You die...

# ## #.............. ~##
#.............. ~~#
#.............. ..#
#.............. ~~#
.....uuu..... ~## ..uuuO.....
## #uOuuu.... # #O@# #..#
####### ######..############
........ .....................
........ .....................
....... .....................
.....## ###########..........
.....# #..........
.....###############..........


You could see 10 ugly things, 2 two-headed ogres and an ogre mage (invisible).

Vanquished Creatures
  5 catoblepae
  9 hydras
  2 ogre magi (D:13)
  A centaur warrior (D:11)
  A boulder beetle (D:13)
  11 two-headed ogres
  12 death yaks
  3 slime creatures (D:14)
  A wizard (D:14)
  A harpy (shapeshifter) (D:13)
  A deep elf pyromancer (D:13)
  4 ugly things
  A wolf spider (D:13)
  5 cyclopes
  4 manticores
  A moth of wrath (shapeshifter) (D:14)
  10 elephants
  A gargoyle (D:9)
  An unseen horror (D:10)
  16 cane toads
  3 rime drakes
  10 komodo dragons
  A tengu conjurer (D:11)
  3 trolls
  3 meliai (D:13)
  A tyrant leech (Lair:2)
  2 hornets
  19 blink frogs
  5 dream sheep (Lair:5)
  3 spriggans (Lair:1)
  A shadow (D:10)
  11 wyverns
  5 wraiths
  42 yaks
  2 vampires (D:10)
  2 basilisks
  15 vampire mosquitoes
  Grum (Lair:1)
  4 steam dragons
  3 swamp worms (Lair:2)
  2 nagas (Lair:2)
  An acid dragon (D:11)
  8 water moccasins
  Duvessa (D:7)
  9 orc warriors
  A sky beast (D:8)
  A black bear (Lair:3)
  15 wolves
  5 ogres
  5 centaurs
  A phantom (D:5)
  6 kobold brigands
  Blork the orc (D:5)
  9 bullfrogs
  A gnoll sergeant (D:9)
  3 scorpions
  Dowan (D:7)
  38 killer bees
  3 electric eels
  3 howler monkeys
  9 jellies
  5 hounds
  4 orc priests
  A sleepcap (D:8)
  3 iguanas
  16 orc wizards
  12 gnolls
  5 adders
  2 ufetubi
  3 dart slugs
  34 orcs
  4 bats
  6 endoplasms
  A giant cockroach (D:1)
  2 goblins
  6 hobgoblins
  10 jackals
  2 quokkas (D:2)
  3 ball pythons
  3 frilled lizards
  17 kobolds
  6 rats
  A spectral orc (D:3)
495 creatures vanquished.

Vanquished Creatures (others)
  A death knight (D:11)
  An orc (D:8)
  A kobold (D:11)
3 creatures vanquished.

Grand Total: 498 creatures vanquished

Notes
Turn   | Place    | Note
-------+----------+-------------------------------------------
     0 | D:1      | qw the Gargoyle Hexslinger began the quest for the Orb.
     0 | D:1      | Reached XP level 1. HP: 12/12 MP: 2/2
     0 | D:1      | 0 ||| qw: Version: 0.3-a-52-g30416fa
     0 | D:1      | 0 ||| qw: Game counter: 7872
     0 | D:1      | 0 ||| qw: Melee chars always use a shield: true
     0 | D:1      | 0 ||| qw: God list: Okawaru
     0 | D:1      | 0 ||| qw: Allow faded altars: false
     0 | D:1      | 0 ||| qw: Do Orc after clearing Dungeon:15 true
     0 | D:1      | 0 ||| qw: Do second Lair branch before Depths: true
     0 | D:1      | 0 ||| qw: Lair rune preference: random
     0 | D:1      | 0 ||| qw: Goals: Normal
     0 | D:1      | 0 ||| PLANNING D:1-11
    67 | D:1      | Found a faded altar of an unknown god.
   188 | D:1      | Reached XP level 2. HP: 16/16 MP: 3/3
   352 | D:1      | Reached skill level 3 in Ranged Weapons
   641 | D:1      | Reached XP level 3. HP: 21/21 MP: 4/4
   888 | D:1      | 888 ||| UPGRADING to +0 leather armour.
   898 | D:1      | 898 ||| DROPPING +0 robe.
   899 | D:1      | 899 ||| READING scroll labelled IGOUDAVOOSH.
   900 | D:1      | 900 ||| READING scroll labelled ORATITI VEU.
   901 | D:1      | 901 ||| DRINKING 3 metallic pink potions.
   902 | D:1      | 902 ||| DROPPING scroll of poison.
  1017 | D:2      | Identified the +5 ring mail "Rapsot" {rCorr}
  1385 | D:2      | 1385 ||| UPGRADING to +5 ring mail "Rapsot" {rCorr}.
  1395 | D:2      | 1395 ||| DROPPING +0 leather armour.
  1396 | D:2      | 1396 ||| UPGRADING to amulet of reflection.
  1401 | D:2      | 1401 ||| READING scroll labelled ICEMABB VILU.
  1402 | D:2      | 1402 ||| READING scroll labelled ZYGAGEDEFI.
  1403 | D:2      | 1403 ||| READING scroll labelled ETUOZIGUGE.
  1404 | D:2      | 1404 ||| READING scroll labelled KUMIOF YTIES.
  1405 | D:2      | 1405 ||| READING scroll labelled KAMOM COIBBE.
  1461 | D:3      | Found a hide-covered altar of Uskayaw.
  1833 | D:3      | Found a shadowy altar of Dithmenos.
  1956 | D:3      | Found a basalt altar of Yredelemnul.
  2107 | D:3      | Noticed a scorpion
  2116 | D:3      | Killed a scorpion
  2117 | D:3      | Reached skill level 4 in Ranged Weapons
  2117 | D:3      | Reached XP level 4. HP: 24/26 MP: 5/5
  2151 | D:3      | Found a bloodstained altar of Trog.
  2358 | D:3      | 2358 ||| UPGRADING to ring of protection from cold.
  2359 | D:3      | 2359 ||| DRINKING 2 bubbling purple potions.
  2463 | D:3      | 2463 ||| DROPPING potion of berserk rage.
  2520 | D:4      | Reached skill level 1 in Armour
  2520 | D:4      | Reached XP level 5. HP: 30/30 MP: 6/6
  2695 | D:4      | Found a transporter.
  2715 | D:4      | Found a broken altar of Ashenzari.
  2797 | D:4      | Reached skill level 5 in Ranged Weapons
  2900 | D:4      | Found a transporter.
  3115 | D:4      | Found Huroh's Jewellery Shoppe.
  3115 | D:4      | Found Qiolyschos's General Store.
  3118 | D:4      | Found Lotificurch's General Store.
  3122 | D:4      | 3122 ||| SHOPLISTING ring of fire (325 gold, have 175).
  3122 | D:4      | 3122 ||| SHOPLISTING ring of resist corrosion (260 gold,
                  | have 175).
  3124 | D:4      | 3124 ||| BUYING potion of haste (110 gold).
  3124 | D:4      | Bought a potion of haste for 110 gold pieces
  3124 | D:4      | 3124 ||| BUYING potion of heal wounds (55 gold).
  3124 | D:4      | Bought a potion of heal wounds for 55 gold pieces
  3124 | D:4      | 3124 ||| SHOPLISTING scroll of enchant weapon (82 gold,
                  | have 10).
  3126 | D:4      | 3126 ||| SHOPLISTING potion of resistance (110 gold, have
                  | 10).
  3126 | D:4      | 3126 ||| SHOPLISTING scroll of enchant weapon (82 gold,
                  | have 10).
  3316 | D:4      | 3316 ||| DRINKING 2 fuming coppery potions.
  3317 | D:4      | 3317 ||| DRINKING 2 smoky inky potions.
  3318 | D:4      | 3318 ||| READING 2 scrolls of identify.
  3318 | D:4      | 3318 ||| IDENTIFYING glowing cyan potion
  3319 | D:4      | 3319 ||| DROPPING potion of attraction.
  3320 | D:4      | 3320 ||| DROPPING potion of magic.
  3323 | D:5      | Entered Level 5 of the Dungeon
  3429 | D:5      | Reached XP level 6. HP: 22/36 MP: 7/7
  3432 | D:5      | Reached skill level 3 in Fighting
  3612 | D:5      | Reached skill level 6 in Ranged Weapons
  3629 | D:5      | Reached XP level 7. HP: 33/43 MP: 8/8
  3697 | D:5      | 3697 ||| SWAPPING to +0 shortbow.
  3698 | D:5      | 3698 ||| FLEEEEING.
  3699 | D:5      | 3699 ||| FLEEEEING.
  3700 | D:5      | 3700 ||| FLEEEEING.
  3701 | D:5      | 3701 ||| FLEEEEING.
  3702 | D:5      | 3702 ||| FLEEEEING.
  3708 | D:5      | 3708 ||| FLEEEEING.
  3709 | D:5      | 3709 ||| FLEEEEING.
  3710 | D:5      | 3710 ||| FLEEEEING.
  3711 | D:5      | 3711 ||| FLEEEEING.
  3712 | D:5      | 3712 ||| FLEEEEING.
  3713 | D:5      | 3713 ||| FLEEEEING.
  3714 | D:5      | 3714 ||| FLEEEEING.
  3715 | D:5      | 3715 ||| FLEEEEING.
  3716 | D:5      | 3716 ||| FLEEEEING.
  3717 | D:5      | 3717 ||| FLEEEEING.
  3718 | D:5      | 3718 ||| FLEEEEING.
  3719 | D:5      | 3719 ||| FLEEEEING.
  3720 | D:5      | 3720 ||| FLEEEEING.
  3728 | D:5      | 3728 ||| FLEEEEING.
  3729 | D:5      | 3729 ||| FLEEEEING.
  3730 | D:5      | 3730 ||| FLEEEEING.
  3731 | D:5      | 3731 ||| FLEEEEING.
  3732 | D:5      | 3732 ||| FLEEEEING.
  3733 | D:5      | 3733 ||| FLEEEEING.
  3734 | D:5      | 3734 ||| FLEEEEING.
  3735 | D:5      | 3735 ||| FLEEEEING.
  3736 | D:5      | 3736 ||| FLEEEEING.
  3741 | D:5      | 3741 ||| FLEEEEING.
  3756 | D:5      | 3756 ||| DROPPING +1 heavy sling.
  3906 | D:5      | Noticed Blork the orc
  3938 | D:5      | Killed Blork the orc
  3939 | D:5      | Reached skill level 7 in Ranged Weapons
  4173 | D:5      | Found a glowing golden altar of the Shining One.
  4223 | D:5      | Reached XP level 8. HP: 40/48 MP: 9/9
  4288 | D:5      | Reached skill level 8 in Ranged Weapons
  4553 | D:5      | 4553 ||| READING scroll labelled FIVIUP WOIQOWU.
  4554 | D:5      | 4554 ||| READING 2 scrolls labelled VAAXKU ZOSTRE.
  4558 | D:5      | 4558 ||| READING scroll labelled LAEPNEC ZIRI.
  4578 | D:6      | 4578 ||| STAIRDANCE
  4824 | D:6      | Found a transporter.
  4843 | D:6      | 4843 ||| FLEEEEING.
  4844 | D:6      | 4844 ||| FLEEEEING.
  4845 | D:6      | 4845 ||| FLEEEEING.
  4846 | D:6      | 4846 ||| FLEEEEING.
  4878 | D:6      | HP: 10/49 [gnoll/+0 spear (5)]
  4879 | D:6      | 4879 ||| READING scroll of teleportation.
  4880 | D:6      | 4880 ||| DRINKING 2 potions of heal wounds.
  4880 | D:6      | Noticed qw's ghost (novice GrHs)
  5052 | D:6      | Found a transporter.
  5108 | D:6      | Noticed an orange demon
  5303 | D:6      | 5303 ||| DRINKING 3 black potions.
  5303 | D:6      | Gained mutation: You are vulnerable to cold. (rC-) [potion
                  | of mutation]
  5303 | D:6      | Gained mutation: You passively map a small area around you.
                  | [potion of mutation]
  5304 | D:6      | 5304 ||| DRINKING 2 cyan potions.
  5547 | D:7      | Found a snail-covered altar of Cheibriados.
  5603 | D:7      | Found a staircase to the Ecumenical Temple.
  5604 | D:7      | 5604 ||| PLANNING TEMPLE
  5604 | D:7      | 5604 ||| READING scroll labelled LEPREPOOQE.
  5605 | D:7      | 5605 ||| READING 4 scrolls of identify.
  5605 | D:7      | 5605 ||| IDENTIFYING inky potion
  5606 | D:7      | 5606 ||| DROPPING potion of invisibility.
  5612 | Temple   | Entered the Ecumenical Temple
  5679 | Temple   | 5679 ||| PLANNING D:1-11
  5713 | D:7      | Noticed Duvessa
  5713 | D:7      | Noticed Dowan
  5720 | D:7      | 5720 ||| FLEEEEING.
  5721 | D:7      | 5721 ||| FLEEEEING.
  5722 | D:7      | 5722 ||| FLEEEEING.
  5723 | D:7      | 5723 ||| FLEEEEING.
  5724 | D:7      | 5724 ||| FLEEEEING.
  5729 | D:7      | 5729 ||| FLEEEEING.
  5730 | D:7      | 5730 ||| FLEEEEING.
  5731 | D:7      | 5731 ||| FLEEEEING.
  5738 | D:7      | 5738 ||| FLEEEEING.
  5739 | D:7      | 5739 ||| FLEEEEING.
  5740 | D:7      | 5740 ||| FLEEEEING.
  5741 | D:7      | 5741 ||| FLEEEEING.
  5742 | D:7      | 5742 ||| FLEEEEING.
  5743 | D:7      | 5743 ||| FLEEEEING.
  5744 | D:7      | 5744 ||| FLEEEEING.
  5745 | D:7      | 5745 ||| FLEEEEING.
  5746 | D:7      | 5746 ||| FLEEEEING.
  5751 | D:7      | 5751 ||| FLEEEEING.
  5752 | D:7      | 5752 ||| FLEEEEING.
  5758 | D:7      | 5758 ||| STAIRDANCE
  5784 | D:7      | 5784 ||| STAIRDANCE
  5811 | D:7      | 5811 ||| STAIRDANCE
  5843 | D:7      | 5843 ||| STAIRDANCE
  5869 | D:7      | 5869 ||| STAIRDANCE
  5902 | D:7      | 5902 ||| STAIRDANCE
  5971 | D:7      | 5971 ||| STAIRDANCE
  6005 | D:7      | 6005 ||| STAIRDANCE
  6029 | D:7      | 6029 ||| STAIRDANCE
  6049 | D:7      | 6049 ||| STAIRDANCE
  6108 | D:7      | 6108 ||| STAIRDANCE
  6151 | D:7      | 6151 ||| STAIRDANCE
  6197 | D:7      | 6197 ||| STAIRDANCE
  6263 | D:7      | 6263 ||| STAIRDANCE
  6281 | D:7      | 6281 ||| STAIRDANCE
  6316 | D:7      | 6316 ||| STAIRDANCE
  6345 | D:7      | 6345 ||| STAIRDANCE
  6368 | D:7      | 6368 ||| STAIRDANCE
  6394 | D:7      | 6394 ||| STAIRDANCE
  6436 | D:7      | 6436 ||| STAIRDANCE
  6501 | D:7      | Killed Duvessa
  6502 | D:7      | Reached skill level 9 in Ranged Weapons
  6509 | D:7      | Killed Dowan
  6916 | D:7      | Reached skill level 6 in Fighting
  6956 | D:7      | Reached XP level 9. HP: 45/55 MP: 10/10
  7236 | D:7      | Found an ornate altar of the Wu Jian Council.
  7323 | D:7      | 7323 ||| DRINKING 2 blue potions.
  7324 | D:7      | 7324 ||| DROPPING potion of brilliance.
  7390 | D:8      | 7390 ||| Stepping ~*~*~tactically~*~*~ (outnumbered).
  7392 | D:8      | 7392 ||| Stepping ~*~*~tactically~*~*~ (outnumbered).
  7418 | D:8      | Reached skill level 10 in Ranged Weapons
  7421 | D:8      | 7421 ||| FLEEEEING.
  7422 | D:8      | 7422 ||| FLEEEEING.
  7423 | D:8      | 7423 ||| FLEEEEING.
  7424 | D:8      | 7424 ||| FLEEEEING.
  7425 | D:8      | 7425 ||| FLEEEEING.
  7426 | D:8      | 7426 ||| FLEEEEING.
  7427 | D:8      | 7427 ||| FLEEEEING.
  7429 | D:8      | 7429 ||| FLEEEEING.
  7430 | D:8      | 7430 ||| FLEEEEING.
  7431 | D:8      | 7431 ||| FLEEEEING.
  7432 | D:8      | 7432 ||| FLEEEEING.
  7433 | D:8      | 7433 ||| FLEEEEING.
  7434 | D:8      | 7434 ||| FLEEEEING.
  7435 | D:8      | 7435 ||| FLEEEEING.
  7436 | D:8      | 7436 ||| STAIRDANCE
  7540 | D:8      | 7540 ||| STAIRDANCE
  7604 | D:8      | 7604 ||| SWAPPING to +0 orcbow.
  7605 | D:8      | 7605 ||| DROPPING +0 shortbow.
  7624 | D:8      | Found a stormy altar of Qazlal.
  7879 | D:8      | 7879 ||| SWAPPING to +1 orcbow of freezing.
  7880 | D:8      | 7880 ||| DROPPING +0 orcbow.
  7910 | D:8      | Identified the +0 helmet of Ashenzari's Regard {rPois}
  7994 | D:8      | 7994 ||| UPGRADING to +0 helmet of Ashenzari's Regard
                  | {rPois}.
  7999 | D:8      | 7999 ||| READING scroll labelled QAETHRA HEUCAE.
  8224 | D:8      | 8224 ||| Stepping ~*~*~tactically~*~*~ (cloud).
  8225 | D:8      | 8225 ||| Stepping ~*~*~tactically~*~*~ (cloud).
  8443 | D:8      | 8443 ||| READING scroll labelled VIQEOMMU OFAY.
  8472 | D:9      | Noticed a hornet
  8480 | D:9      | 8480 ||| STAIRDANCE
  8485 | D:8      | Killed a hornet
  8486 | D:8      | Reached skill level 11 in Ranged Weapons
  8543 | D:9      | 8543 ||| Stepping ~*~*~tactically~*~*~ (outnumbered).
  8549 | D:9      | Reached skill level 3 in Armour
  8552 | D:9      | Noticed a gargoyle
  8561 | D:9      | Reached skill level 3 in Dodging
  8567 | D:9      | Killed a gargoyle
  8568 | D:9      | Reached XP level 10. HP: 27/64 MP: 11/11
  8764 | D:9      | Identified the ring of Tulips {rElec rN+ Int+2}
  8774 | D:9      | 8774 ||| PLANNING D:1-11
  8774 | D:9      | 8774 ||| UPGRADING to +0 pair of gloves.
  8786 | D:9      | 8786 ||| DRINKING 2 potions of curing.
  8786 | D:9      | 8786 ||| (to cure confusion)
  9249 | D:9      | 9249 ||| UPGRADING to +0 pair of boots.
  9315 | D:9      | 9315 ||| UPGRADING to ring of Tulips {rElec rN+ Int+2}.
  9316 | D:9      | 9316 ||| READING scroll labelled RIWOUV IRRUWIRI.
  9354 | D:9      | 9354 ||| READING 5 scrolls of identify.
  9354 | D:9      | 9354 ||| IDENTIFYING smoky coppery potion
  9355 | D:9      | 9355 ||| READING 4 scrolls of identify.
  9355 | D:9      | 9355 ||| IDENTIFYING lumpy black potion
  9356 | D:9      | 9356 ||| DROPPING potion of lignification.
  9390 | D:10     | Entered Level 10 of the Dungeon
  9390 | D:10     | Found a staircase to the Orcish Mines.
  9467 | D:10     | Identified the +1 leather armour of Youthful Indiscretion
                  | {Will++ Str+2}
  9571 | D:10     | Reached skill level 12 in Ranged Weapons
  9587 | D:10     | HP: 12/64 [hornet (7)]
  9588 | D:10     | 9588 ||| READING 4 scrolls of teleportation.
  9589 | D:10     | 9589 ||| DRINKING potion of heal wounds.
  9671 | D:10     | Found an iron altar of Okawaru.
  9672 | D:10     | 9672 ||| PLANNING OKAWARU WORSHIP
  9672 | D:10     | 9672 ||| DROPPING +1 leather armour of Youthful
                  | Indiscretion {Will++ Str+2}.
  9676 | D:10     | 9676 ||| READING 2 scrolls labelled AJEPNI ECHOCW.
  9777 | D:10     | 9777 ||| DROPPING scroll of silence.
  9783 | D:10     | Became a worshipper of Warmaster Okawaru
  9784 | D:10     | 9784 ||| PLANNING D:1-11
  9962 | D:10     | 9962 ||| DRINKING potion of curing.
  9962 | D:10     | 9962 ||| (to cure confusion)
  9981 | D:10     | Reached * piety under Okawaru
  9990 | D:10     | Reached skill level 1 in Invocations
  9991 | D:10     | 9991 ||| INVOKING Heroism.
 10001 | D:10     | Reached skill level 13 in Ranged Weapons
 10039 | D:10     | Killed an unseen horror
 10040 | D:10     | Reached skill level 3 in Invocations
 10070 | D:10     | 10070 ||| FLEEEEING.
 10160 | D:10     | 10160 ||| INVOKING Heroism.
 10168 | D:10     | Noticed a two-headed ogre
 10174 | D:10     | Reached XP level 11. HP: 65/69 MP: 11/13
 10175 | D:10     | 10175 ||| INVOKING Heroism.
 10182 | D:10     | Killed a two-headed ogre
 10183 | D:10     | Reached skill level 9 in Fighting
 10262 | D:10     | Reached ** piety under Okawaru
 10270 | D:10     | 10270 ||| INVOKING Heroism.
 10650 | D:10     | 10650 ||| DROPPING amulet of the acrobat.
 10651 | D:10     | 10651 ||| READING 3 scrolls of identify.
 10651 | D:10     | 10651 ||| IDENTIFYING smoky cyan potion
 10652 | D:10     | 10652 ||| DROPPING potion of degeneration.
 10669 | D:11     | 10669 ||| INVOKING Heroism.
 10688 | D:11     | 10688 ||| READING scroll of enchant armour.
 10688 | D:11     | 10688 ||| ENCHANTING +0 pair of gloves.
 10786 | D:11     | Noticed a five-headed hydra
 10788 | D:11     | 10788 ||| INVOKING Heroism.
 10793 | D:11     | Killed a five-headed hydra
 10965 | D:11     | 10965 ||| INVOKING Heroism.
 11042 | D:11     | 11042 ||| READING scroll of brand weapon.
 11042 | D:11     | 11042 ||| BRANDING +2 orcbow of freezing.
 11064 | D:11     | Found a staircase to the Lair.
 11078 | D:11     | 11078 ||| INVOKING Heroism.
 11133 | D:11     | Reached skill level 14 in Ranged Weapons
 11257 | D:11     | Noticed a two-headed ogre
 11258 | D:11     | 11258 ||| INVOKING Heroism.
 11268 | D:11     | HP: 15/71 [two-headed ogre/+0 giant club (11)]
 11269 | D:11     | 11269 ||| READING 4 scrolls of teleportation.
 11270 | D:11     | Killed a two-headed ogre
 11519 | D:11     | 11519 ||| INVOKING Heroism.
 11590 | D:11     | 11590 ||| DROPPING +2 ring mail of poison resistance.
 11591 | D:11     | 11591 ||| READING scroll labelled BONOFO XOTIGG.
 11591 | D:11     | Identified a scroll of acquirement
 11591 | D:11     | 11591 ||| ACQUIRING +2 longbow of freezing
 11591 | D:11     | Acquired a +2 longbow of freezing
 11642 | D:10     | 11642 ||| PLANNING LAIR
 11668 | Lair:1   | Entered Level 1 of the Lair of Beasts
 11775 | Lair:1   | Noticed Grum
 11775 | Lair:1   | 11775 ||| INVOKING Heroism.
 11792 | Lair:1   | Killed Grum
 11792 | Lair:1   | Reached *** piety under Okawaru
 11880 | Lair:1   | 11880 ||| INVOKING Heroism.
 11902 | Lair:1   | 11902 ||| INVOKING Heroism.
 11929 | Lair:1   | Reached XP level 12. HP: 77/77 MP: 15/15
 12045 | Lair:1   | Identified the +2 pair of gloves of the Ten of Swords {rF+
                  | MP+9 Str+4}
 12118 | Lair:1   | 12118 ||| INVOKING Heroism.
 12130 | Lair:1   | Reached skill level 15 in Ranged Weapons
 12235 | Lair:1   | Reached skill level 6 in Armour
 12246 | Lair:1   | 12246 ||| INVOKING Heroism.
 12416 | Lair:1   | 12416 ||| UPGRADING to +2 pair of gloves of the Ten of
                  | Swords {rF+ MP+9 Str+4}.
 12473 | Lair:1   | 12473 ||| DROPPING +1 pair of gloves.
 12474 | Lair:1   | 12474 ||| UPGRADING to +6 ring of dexterity.
 12476 | Lair:1   | 12476 ||| DRINKING 4 potions of mutation.
 12476 | Lair:1   | Lost mutation: You are vulnerable to cold. (rC-) [potion of
                  | mutation]
 12476 | Lair:1   | Lost mutation: You passively map a small area around you.
                  | [potion of mutation]
 12476 | Lair:1   | Gained mutation: You are frail. (-10% HP) [potion of
                  | mutation]
 12477 | Lair:1   | 12477 ||| DRINKING 3 potions of mutation.
 12477 | Lair:1   | Lost mutation: You are frail. (-10% HP) [potion of
                  | mutation]
 12477 | Lair:1   | Gained mutation: You have supernaturally acute eyesight.
                  | (SInv) [potion of mutation]
 12477 | Lair:1   | Gained mutation: You have an increased reservoir of magic.
                  | (+10% MP) [potion of mutation]
 12477 | Lair:1   | Gained mutation: You are dopey. (Int -2) [potion of
                  | mutation]
 12477 | Lair:1   | Gained mutation: You are partially covered in iridescent
                  | scales. (AC +2) [potion of mutation]
 12500 | Lair:1   | 12500 ||| UPGRADING to ring of protection from cold.
 12520 | Lair:2   | Found a runed translucent door.
 12520 | Lair:2   | Noticed qw's ghost (journeyman GrFi)
 12522 | Lair:2   | 12522 ||| INVOKING Heroism.
 12556 | Lair:2   | 12556 ||| INVOKING Heroism.
 12562 | Lair:2   | Noticed a five-headed hydra
 12566 | Lair:2   | Killed a five-headed hydra
 12633 | Lair:2   | Noticed a catoblepas
 12634 | Lair:2   | 12634 ||| INVOKING Heroism.
 12646 | Lair:2   | Killed a catoblepas
 12736 | Lair:2   | 12736 ||| INVOKING Heroism.
 12946 | Lair:2   | Found a staircase to the Snake Pit.
 13002 | Lair:2   | Noticed a four-headed hydra
 13003 | Lair:2   | 13003 ||| INVOKING Heroism.
 13004 | Lair:2   | 13004 ||| Stepping ~*~*~tactically~*~*~ (outnumbered).
 13013 | Lair:2   | Killed a four-headed hydra
 13013 | Lair:2   | Reached **** piety under Okawaru
 13116 | Lair:2   | 13116 ||| Stepping ~*~*~tactically~*~*~ (outnumbered).
 13118 | Lair:2   | 13118 ||| Stepping ~*~*~tactically~*~*~ (outnumbered).
 13120 | Lair:2   | 13120 ||| INVOKING Heroism.
 13125 | Lair:2   | Reached skill level 16 in Ranged Weapons
 13147 | Lair:2   | 13147 ||| Stepping ~*~*~tactically~*~*~ (water).
 13158 | Lair:2   | 13158 ||| INVOKING Heroism.
 13256 | Lair:2   | Found a staircase to the Swamp.
 13257 | Lair:2   | Noticed an eight-headed hydra
 13258 | Lair:2   | 13258 ||| Stepping ~*~*~tactically~*~*~ (water).
 13259 | Lair:2   | 13259 ||| INVOKING Heroism.
 13263 | Lair:2   | Killed an eight-headed hydra
 13485 | Lair:2   | 13485 ||| INVOKING Heroism.
 13494 | Lair:2   | Reached skill level 6 in Dodging
 13869 | Lair:2   | 13869 ||| DROPPING amulet of magic regeneration.
 14107 | Lair:3   | 14107 ||| INVOKING Heroism.
 14132 | Lair:3   | Noticed a seven-headed hydra
 14140 | Lair:3   | Reached XP level 13. HP: 84/84 MP: 18/18
 14145 | Lair:3   | 14145 ||| INVOKING Heroism.
 14162 | Lair:3   | Reached skill level 6 in Invocations
 14419 | Lair:3   | 14419 ||| INVOKING Heroism.
 14492 | Lair:3   | 14492 ||| INVOKING Heroism.
 14521 | Lair:3   | Reached ***** piety under Okawaru
 14522 | Lair:3   | 14522 ||| INVOKING Finesse.
 14528 | Lair:3   | HP: 20/85 [death yak (4)]
 14529 | Lair:3   | 14529 ||| READING 5 scrolls of teleportation.
 14530 | Lair:3   | 14530 ||| DRINKING potion of heal wounds.
 14531 | Lair:3   | 14531 ||| INVOKING Heroism.
 14703 | Lair:3   | 14703 ||| INVOKING Heroism.
 14717 | Lair:3   | Reached skill level 12 in Fighting
 15064 | Lair:4   | 15064 ||| INVOKING Heroism.
 15129 | Lair:4   | 15129 ||| INVOKING Heroism.
 15133 | Lair:4   | Received a gift from Okawaru
 15365 | Lair:4   | 15365 ||| INVOKING Heroism.
 15477 | Lair:4   | 15477 ||| INVOKING Heroism.
 15486 | Lair:4   | Reached skill level 9 in Invocations
 15499 | Lair:4   | Found a staircase to the Slime Pits.
 15522 | Lair:4   | Found a viscous altar of Jiyva.
 15528 | Lair:4   | 15528 ||| INVOKING Heroism.
 15838 | Lair:4   | 15838 ||| READING scroll of enchant weapon.
 15838 | Lair:4   | 15838 ||| ENCHANTING +2 orcbow of flaming.
 16046 | Lair:4   | 16046 ||| DROPPING ring of flight.
 16047 | Lair:4   | 16047 ||| READING 7 scrolls of identify.
 16047 | Lair:4   | 16047 ||| IDENTIFYING metallic blue potion
 16048 | Lair:4   | 16048 ||| DROPPING potion of ambrosia.
 16080 | Lair:5   | Entered Level 5 of the Lair of Beasts
 16086 | Lair:5   | 16086 ||| INVOKING Heroism.
 16159 | Lair:5   | 16159 ||| INVOKING Heroism.
 16171 | Lair:5   | Gained mutation: Your large and strong wings let you fly.
                  | [Gargoyle growth]
 16171 | Lair:5   | Reached XP level 14. HP: 92/92 MP: 23/23
 16282 | Lair:5   | 16282 ||| INVOKING Heroism.
 16429 | Lair:5   | 16429 ||| READING scroll of enchant weapon.
 16429 | Lair:5   | 16429 ||| ENCHANTING +3 orcbow of flaming.
 16451 | Lair:5   | 16451 ||| INVOKING Heroism.
 16452 | Lair:5   | 16452 ||| INVOKING Finesse.
 16496 | Lair:5   | 16496 ||| INVOKING Heroism.
 16530 | Lair:5   | 16530 ||| INVOKING Heroism.
 16548 | Lair:5   | 16548 ||| INVOKING Heroism.
 16644 | Lair:5   | 16644 ||| FLEEEEING.
 16657 | Lair:5   | 16657 ||| INVOKING Heroism.
 16732 | Lair:5   | Received a gift from Okawaru
 16741 | Lair:5   | 16741 ||| INVOKING Heroism.
 17298 | Lair:5   | 17298 ||| INVOKING Heroism.
 17429 | Lair:5   | 17429 ||| INVOKING Heroism.
 17449 | Lair:5   | 17449 ||| INVOKING Finesse.
 17558 | Lair:5   | 17558 ||| INVOKING Heroism.
 17700 | Lair:5   | 17700 ||| PLANNING D:1-11
 17923 | D:11     | 17923 ||| STAIRDANCE
 17978 | D:11     | Reached skill level 9 in Armour
 17978 | D:11     | 17978 ||| FLEEEEING.
 17985 | D:11     | 17985 ||| STAIRDANCE
 18064 | D:10     | 18064 ||| SWAPPING to +0 longbow.
 18065 | D:10     | 18065 ||| DROPPING +4 orcbow of flaming.
 18173 | D:11     | Identified the +3 leather armour of the Stone Wall {rElec
                  | Int+4 SInv}
 18207 | D:11     | 18207 ||| READING scroll of enchant armour.
 18207 | D:11     | 18207 ||| ENCHANTING +0 pair of boots.
 18241 | D:11     | 18241 ||| READING scroll of enchant armour.
 18241 | D:11     | 18241 ||| ENCHANTING +1 pair of boots.
 18247 | D:11     | 18247 ||| PLANNING D
 18247 | D:11     | 18247 ||| DROPPING +3 leather armour of the Stone Wall
                  | {rElec Int+4 SInv}.
 18461 | D:12     | Identified the +0 pair of gloves of Oclaomoo {rPois rF+
                  | Int+4} (Okawaru gifted it to you on level 12 of the
                  | Dungeon)
 18461 | D:12     | Received a gift from Okawaru
 18469 | D:12     | Found Hacel's Weapon Emporium.
 18582 | D:12     | 18582 ||| DROPPING +0 pair of gloves of Oclaomoo {rPois rF+
                  | Int+4}.
 18583 | D:12     | 18583 ||| UPGRADING to amulet of faith.
 18643 | D:13     | 18643 ||| INVOKING Heroism.
 18645 | D:13     | HP: 24/96 [two-headed ogre/+0 giant spiked club (17)]
 18646 | D:13     | 18646 ||| READING 5 scrolls of teleportation.
 18647 | D:13     | 18647 ||| DRINKING potion of heal wounds.
 18648 | D:13     | HP: 11/96 [white ugly thing (10)]
 18665 | D:13     | 18665 ||| READING 4 scrolls of teleportation.
 18670 | D:13     | 18670 ||| READING 3 scrolls of teleportation.
 18671 | D:13     | HP: 18/96 [two-headed ogre/+0 dire flail (1)]
 18671 | D:13     | HP: 8/96 [two-headed ogre/+0 dire flail (10)]
 18677 | D:13     | 18677 ||| READING 2 scrolls of teleportation.
 18683 | D:13     | 18683 ||| READING scroll of teleportation.
 18961 | D:13     | 18961 ||| Stepping randomly (stuck).
 18962 | D:13     | 18962 ||| Stepping randomly (stuck).
 18963 | D:13     | 18963 ||| Stepping randomly (stuck).
 18964 | D:13     | 18964 ||| Stepping randomly (stuck).
 18965 | D:13     | 18965 ||| Stepping randomly (stuck).
 18966 | D:13     | 18966 ||| Stepping randomly (stuck).
 18967 | D:13     | 18967 ||| Stepping randomly (stuck).
 18968 | D:13     | 18968 ||| Stepping randomly (stuck).
 18969 | D:13     | 18969 ||| Stepping randomly (stuck).
 18970 | D:13     | 18970 ||| Stepping randomly (stuck).
 18971 | D:13     | 18971 ||| Stepping randomly (stuck).
 18972 | D:13     | 18972 ||| Stepping randomly (stuck).
 18973 | D:13     | 18973 ||| Stepping randomly (stuck).
 18974 | D:13     | 18974 ||| Stepping randomly (stuck).
 18975 | D:13     | 18975 ||| Stepping randomly (stuck).
 18976 | D:13     | 18976 ||| Stepping randomly (stuck).
 18977 | D:13     | 18977 ||| Stepping randomly (stuck).
 18978 | D:13     | 18978 ||| Stepping randomly (stuck).
 18979 | D:13     | 18979 ||| Stepping randomly (stuck).
 18980 | D:13     | 18980 ||| Stepping randomly (stuck).
 18981 | D:13     | 18981 ||| Stepping randomly (stuck).
 18982 | D:13     | 18982 ||| Stepping randomly (stuck).
 18983 | D:13     | 18983 ||| Stepping randomly (stuck).
 18984 | D:13     | 18984 ||| Stepping randomly (stuck).
 18985 | D:13     | 18985 ||| Stepping randomly (stuck).
 18986 | D:13     | 18986 ||| Stepping randomly (stuck).
 18987 | D:13     | 18987 ||| Stepping randomly (stuck).
 18988 | D:13     | 18988 ||| Stepping randomly (stuck).
 18989 | D:13     | 18989 ||| Stepping randomly (stuck).
 18990 | D:13     | 18990 ||| Stepping randomly (stuck).
 18991 | D:13     | 18991 ||| Stepping randomly (stuck).
 18992 | D:13     | 18992 ||| Stepping randomly (stuck).
 18993 | D:13     | 18993 ||| Stepping randomly (stuck).
 18994 | D:13     | 18994 ||| Stepping randomly (stuck).
 18995 | D:13     | 18995 ||| Stepping randomly (stuck).
 18996 | D:13     | 18996 ||| Stepping randomly (stuck).
 18997 | D:13     | 18997 ||| Stepping randomly (stuck).
 18998 | D:13     | 18998 ||| Stepping randomly (stuck).
 18999 | D:13     | 18999 ||| Stepping randomly (stuck).
 19000 | D:13     | 19000 ||| Stepping randomly (stuck).
 19001 | D:13     | 19001 ||| Stepping randomly (stuck).
 19002 | D:13     | 19002 ||| Stepping randomly (stuck).
 19003 | D:13     | 19003 ||| Stepping randomly (stuck).
 19004 | D:13     | 19004 ||| Stepping randomly (stuck).
 19005 | D:13     | 19005 ||| Stepping randomly (stuck).
 19006 | D:13     | 19006 ||| Stepping randomly (stuck).
 19007 | D:13     | 19007 ||| Stepping randomly (stuck).
 19008 | D:13     | 19008 ||| Stepping randomly (stuck).
 19009 | D:13     | 19009 ||| Stepping randomly (stuck).
 19010 | D:13     | 19010 ||| PLANNING D
 19010 | D:13     | 19010 ||| Stepping randomly (stuck).
 19011 | D:13     | 19011 ||| Stepping randomly (stuck).
 19012 | D:13     | 19012 ||| Stepping randomly (stuck).
 19013 | D:13     | 19013 ||| Stepping randomly (stuck).
 19014 | D:13     | 19014 ||| Stepping randomly (stuck).
 19015 | D:13     | 19015 ||| Stepping randomly (stuck).
 19016 | D:13     | 19016 ||| Stepping randomly (stuck).
 19017 | D:13     | 19017 ||| Stepping randomly (stuck).
 19018 | D:13     | 19018 ||| Stepping randomly (stuck).
 19019 | D:13     | 19019 ||| Stepping randomly (stuck).
 19020 | D:13     | 19020 ||| Stepping randomly (stuck).
 19021 | D:13     | 19021 ||| Stepping randomly (stuck).
 19022 | D:13     | 19022 ||| Stepping randomly (stuck).
 19023 | D:13     | 19023 ||| Stepping randomly (stuck).
 19024 | D:13     | 19024 ||| Stepping randomly (stuck).
 19025 | D:13     | 19025 ||| Stepping randomly (stuck).
 19026 | D:13     | 19026 ||| Stepping randomly (stuck).
 19027 | D:13     | 19027 ||| Stepping randomly (stuck).
 19028 | D:13     | 19028 ||| Stepping randomly (stuck).
 19029 | D:13     | 19029 ||| Stepping randomly (stuck).
 19030 | D:13     | 19030 ||| Stepping randomly (stuck).
 19031 | D:13     | 19031 ||| Stepping randomly (stuck).
 19032 | D:13     | 19032 ||| Stepping randomly (stuck).
 19033 | D:13     | 19033 ||| Stepping randomly (stuck).
 19034 | D:13     | 19034 ||| Stepping randomly (stuck).
 19035 | D:13     | 19035 ||| Stepping randomly (stuck).
 19036 | D:13     | 19036 ||| Stepping randomly (stuck).
 19037 | D:13     | 19037 ||| Stepping randomly (stuck).
 19038 | D:13     | 19038 ||| Stepping randomly (stuck).
 19039 | D:13     | 19039 ||| Stepping randomly (stuck).
 19040 | D:13     | 19040 ||| Stepping randomly (stuck).
 19041 | D:13     | 19041 ||| Stepping randomly (stuck).
 19042 | D:13     | 19042 ||| Stepping randomly (stuck).
 19043 | D:13     | 19043 ||| Stepping randomly (stuck).
 19044 | D:13     | 19044 ||| Stepping randomly (stuck).
 19045 | D:13     | 19045 ||| Stepping randomly (stuck).
 19046 | D:13     | 19046 ||| Stepping randomly (stuck).
 19047 | D:13     | 19047 ||| Stepping randomly (stuck).
 19048 | D:13     | 19048 ||| Stepping randomly (stuck).
 19049 | D:13     | 19049 ||| Stepping randomly (stuck).
 19050 | D:13     | 19050 ||| Stepping randomly (stuck).
 19051 | D:13     | 19051 ||| Stepping randomly (stuck).
 19052 | D:13     | 19052 ||| Stepping randomly (stuck).
 19053 | D:13     | 19053 ||| Stepping randomly (stuck).
 19054 | D:13     | 19054 ||| Stepping randomly (stuck).
 19055 | D:13     | 19055 ||| PLANNING D
 19055 | D:13     | 19055 ||| Stepping randomly (stuck).
 19056 | D:13     | 19056 ||| Stepping randomly (stuck).
 19057 | D:13     | 19057 ||| Stepping randomly (stuck).
 19058 | D:13     | 19058 ||| Stepping randomly (stuck).
 19059 | D:13     | 19059 ||| Stepping randomly (stuck).
 19060 | D:13     | 19060 ||| Stepping randomly (stuck).
 19061 | D:13     | 19061 ||| Stepping randomly (stuck).
 19062 | D:13     | 19062 ||| Stepping randomly (stuck).
 19063 | D:13     | 19063 ||| Stepping randomly (stuck).
 19064 | D:13     | 19064 ||| Stepping randomly (stuck).
 19065 | D:13     | 19065 ||| Stepping randomly (stuck).
 19066 | D:13     | 19066 ||| Stepping randomly (stuck).
 19067 | D:13     | 19067 ||| Stepping randomly (stuck).
 19068 | D:13     | 19068 ||| Stepping randomly (stuck).
 19069 | D:13     | 19069 ||| Stepping randomly (stuck).
 19070 | D:13     | 19070 ||| Stepping randomly (stuck).
 19071 | D:13     | 19071 ||| Stepping randomly (stuck).
 19072 | D:13     | 19072 ||| Stepping randomly (stuck).
 19073 | D:13     | 19073 ||| Stepping randomly (stuck).
 19074 | D:13     | 19074 ||| Stepping randomly (stuck).
 19075 | D:13     | 19075 ||| Stepping randomly (stuck).
 19076 | D:13     | 19076 ||| Stepping randomly (stuck).
 19077 | D:13     | 19077 ||| Stepping randomly (stuck).
 19078 | D:13     | 19078 ||| Stepping randomly (stuck).
 19079 | D:13     | 19079 ||| Stepping randomly (stuck).
 19080 | D:13     | 19080 ||| Stepping randomly (stuck).
 19081 | D:13     | 19081 ||| Stepping randomly (stuck).
 19082 | D:13     | 19082 ||| Stepping randomly (stuck).
 19083 | D:13     | 19083 ||| Stepping randomly (stuck).
 19084 | D:13     | 19084 ||| Stepping randomly (stuck).
 19085 | D:13     | 19085 ||| Stepping randomly (stuck).
 19086 | D:13     | 19086 ||| Stepping randomly (stuck).
 19087 | D:13     | 19087 ||| Stepping randomly (stuck).
 19088 | D:13     | 19088 ||| Stepping randomly (stuck).
 19089 | D:13     | 19089 ||| Stepping randomly (stuck).
 19090 | D:13     | 19090 ||| Stepping randomly (stuck).
 19091 | D:13     | 19091 ||| Stepping randomly (stuck).
 19092 | D:13     | 19092 ||| Stepping randomly (stuck).
 19093 | D:13     | 19093 ||| Stepping randomly (stuck).
 19094 | D:13     | 19094 ||| Stepping randomly (stuck).
 19095 | D:13     | 19095 ||| Stepping randomly (stuck).
 19096 | D:13     | 19096 ||| Stepping randomly (stuck).
 19097 | D:13     | 19097 ||| Stepping randomly (stuck).
 19098 | D:13     | 19098 ||| Stepping randomly (stuck).
 19099 | D:13     | 19099 ||| Stepping randomly (stuck).
 19100 | D:13     | 19100 ||| Stepping randomly (stuck).
 19101 | D:13     | 19101 ||| Stepping randomly (stuck).
 19102 | D:13     | 19102 ||| Stepping randomly (stuck).
 19103 | D:13     | 19103 ||| Stepping randomly (stuck).
 19104 | D:13     | 19104 ||| Stepping randomly (stuck).
 19105 | D:13     | 19105 ||| Stepping randomly (stuck).
 19106 | D:13     | 19106 ||| Stepping randomly (stuck).
 19107 | D:13     | 19107 ||| Stepping randomly (stuck).
 19108 | D:13     | 19108 ||| Stepping randomly (stuck).
 19109 | D:13     | 19109 ||| Stepping randomly (stuck).
 19110 | D:13     | 19110 ||| Stepping randomly (stuck).
 19111 | D:13     | 19111 ||| Stepping randomly (stuck).
 19112 | D:13     | 19112 ||| Stepping randomly (stuck).
 19113 | D:13     | 19113 ||| Stepping randomly (stuck).
 19114 | D:13     | 19114 ||| Stepping randomly (stuck).
 19115 | D:13     | 19115 ||| Stepping randomly (stuck).
 19116 | D:13     | 19116 ||| Stepping randomly (stuck).
 19117 | D:13     | 19117 ||| Stepping randomly (stuck).
 19118 | D:13     | 19118 ||| Stepping randomly (stuck).
 19119 | D:13     | 19119 ||| Stepping randomly (stuck).
 19120 | D:13     | 19120 ||| Stepping randomly (stuck).
 19121 | D:13     | 19121 ||| Stepping randomly (stuck).
 19122 | D:13     | 19122 ||| Stepping randomly (stuck).
 19123 | D:13     | 19123 ||| Stepping randomly (stuck).
 19124 | D:13     | 19124 ||| Stepping randomly (stuck).
 19125 | D:13     | 19125 ||| Stepping randomly (stuck).
 19126 | D:13     | 19126 ||| Stepping randomly (stuck).
 19127 | D:13     | 19127 ||| Stepping randomly (stuck).
 19128 | D:13     | 19128 ||| Stepping randomly (stuck).
 19129 | D:13     | 19129 ||| Stepping randomly (stuck).
 19130 | D:13     | 19130 ||| Stepping randomly (stuck).
 19131 | D:13     | 19131 ||| Stepping randomly (stuck).
 19132 | D:13     | 19132 ||| Stepping randomly (stuck).
 19133 | D:13     | 19133 ||| Stepping randomly (stuck).
 19134 | D:13     | 19134 ||| Stepping randomly (stuck).
 19135 | D:13     | 19135 ||| Stepping randomly (stuck).
 19136 | D:13     | 19136 ||| Stepping randomly (stuck).
 19137 | D:13     | 19137 ||| Stepping randomly (stuck).
 19138 | D:13     | 19138 ||| Stepping randomly (stuck).
 19139 | D:13     | 19139 ||| Stepping randomly (stuck).
 19140 | D:13     | 19140 ||| Stepping randomly (stuck).
 19141 | D:13     | 19141 ||| Stepping randomly (stuck).
 19142 | D:13     | 19142 ||| Stepping randomly (stuck).
 19143 | D:13     | 19143 ||| Stepping randomly (stuck).
 19144 | D:13     | 19144 ||| Stepping randomly (stuck).
 19145 | D:13     | 19145 ||| Stepping randomly (stuck).
 19146 | D:13     | 19146 ||| Stepping randomly (stuck).
 19147 | D:13     | 19147 ||| Stepping randomly (stuck).
 19148 | D:13     | 19148 ||| Stepping randomly (stuck).
 19149 | D:13     | 19149 ||| Stepping randomly (stuck).
 19150 | D:13     | 19150 ||| Stepping randomly (stuck).
 19151 | D:13     | 19151 ||| Stepping randomly (stuck).
 19152 | D:13     | 19152 ||| Stepping randomly (stuck).
 19153 | D:13     | 19153 ||| Stepping randomly (stuck).
 19154 | D:13     | 19154 ||| Stepping randomly (stuck).
 19155 | D:13     | 19155 ||| Stepping randomly (stuck).
 19156 | D:13     | 19156 ||| Stepping randomly (stuck).
 19157 | D:13     | 19157 ||| Stepping randomly (stuck).
 19158 | D:13     | 19158 ||| Stepping randomly (stuck).
 19159 | D:13     | 19159 ||| Stepping randomly (stuck).
 19160 | D:13     | 19160 ||| Stepping randomly (stuck).
 19161 | D:13     | 19161 ||| Stepping randomly (stuck).
 19162 | D:13     | 19162 ||| Stepping randomly (stuck).
 19163 | D:13     | 19163 ||| Stepping randomly (stuck).
 19164 | D:13     | 19164 ||| Stepping randomly (stuck).
 19165 | D:13     | 19165 ||| Stepping randomly (stuck).
 19166 | D:13     | 19166 ||| Stepping randomly (stuck).
 19167 | D:13     | 19167 ||| Stepping randomly (stuck).
 19168 | D:13     | 19168 ||| Stepping randomly (stuck).
 19169 | D:13     | 19169 ||| Stepping randomly (stuck).
 19170 | D:13     | 19170 ||| Stepping randomly (stuck).
 19171 | D:13     | 19171 ||| Stepping randomly (stuck).
 19172 | D:13     | 19172 ||| Stepping randomly (stuck).
 19173 | D:13     | 19173 ||| Stepping randomly (stuck).
 19174 | D:13     | 19174 ||| Stepping randomly (stuck).
 19175 | D:13     | 19175 ||| Stepping randomly (stuck).
 19176 | D:13     | 19176 ||| Stepping randomly (stuck).
 19177 | D:13     | 19177 ||| Stepping randomly (stuck).
 19178 | D:13     | 19178 ||| Stepping randomly (stuck).
 19179 | D:13     | 19179 ||| Stepping randomly (stuck).
 19180 | D:13     | 19180 ||| Stepping randomly (stuck).
 19181 | D:13     | 19181 ||| Stepping randomly (stuck).
 19182 | D:13     | 19182 ||| Stepping randomly (stuck).
 19183 | D:13     | 19183 ||| Stepping randomly (stuck).
 19184 | D:13     | 19184 ||| Stepping randomly (stuck).
 19185 | D:13     | 19185 ||| Stepping randomly (stuck).
 19186 | D:13     | 19186 ||| Stepping randomly (stuck).
 19187 | D:13     | 19187 ||| Stepping randomly (stuck).
 19188 | D:13     | 19188 ||| Stepping randomly (stuck).
 19189 | D:13     | 19189 ||| Stepping randomly (stuck).
 19190 | D:13     | 19190 ||| Stepping randomly (stuck).
 19191 | D:13     | 19191 ||| Stepping randomly (stuck).
 19192 | D:13     | 19192 ||| Stepping randomly (stuck).
 19193 | D:13     | 19193 ||| Stepping randomly (stuck).
 19194 | D:13     | 19194 ||| Stepping randomly (stuck).
 19195 | D:13     | 19195 ||| Stepping randomly (stuck).
 19196 | D:13     | 19196 ||| Stepping randomly (stuck).
 19197 | D:13     | 19197 ||| Stepping randomly (stuck).
 19198 | D:13     | 19198 ||| Stepping randomly (stuck).
 19199 | D:13     | 19199 ||| Stepping randomly (stuck).
 19200 | D:13     | 19200 ||| Stepping randomly (stuck).
 19201 | D:13     | 19201 ||| Stepping randomly (stuck).
 19202 | D:13     | 19202 ||| Stepping randomly (stuck).
 19203 | D:13     | 19203 ||| Stepping randomly (stuck).
 19204 | D:13     | 19204 ||| Stepping randomly (stuck).
 19205 | D:13     | 19205 ||| Stepping randomly (stuck).
 19206 | D:13     | 19206 ||| Stepping randomly (stuck).
 19207 | D:13     | 19207 ||| Stepping randomly (stuck).
 19208 | D:13     | 19208 ||| Stepping randomly (stuck).
 19209 | D:13     | 19209 ||| Stepping randomly (stuck).
 19210 | D:13     | 19210 ||| Stepping randomly (stuck).
 19211 | D:13     | 19211 ||| Stepping randomly (stuck).
 19212 | D:13     | 19212 ||| Stepping randomly (stuck).
 19213 | D:13     | 19213 ||| Stepping randomly (stuck).
 19214 | D:13     | 19214 ||| Stepping randomly (stuck).
 19215 | D:13     | 19215 ||| Stepping randomly (stuck).
 19216 | D:13     | 19216 ||| Stepping randomly (stuck).
 19217 | D:13     | 19217 ||| Stepping randomly (stuck).
 19218 | D:13     | 19218 ||| Stepping randomly (stuck).
 19219 | D:13     | 19219 ||| Stepping randomly (stuck).
 19220 | D:13     | 19220 ||| Stepping randomly (stuck).
 19221 | D:13     | 19221 ||| Stepping randomly (stuck).
 19222 | D:13     | 19222 ||| Stepping randomly (stuck).
 19223 | D:13     | 19223 ||| Stepping randomly (stuck).
 19224 | D:13     | 19224 ||| Stepping randomly (stuck).
 19225 | D:13     | 19225 ||| Stepping randomly (stuck).
 19226 | D:13     | 19226 ||| Stepping randomly (stuck).
 19227 | D:13     | 19227 ||| Stepping randomly (stuck).
 19228 | D:13     | 19228 ||| Stepping randomly (stuck).
 19229 | D:13     | 19229 ||| Stepping randomly (stuck).
 19230 | D:13     | 19230 ||| Stepping randomly (stuck).
 19231 | D:13     | 19231 ||| Stepping randomly (stuck).
 19232 | D:13     | 19232 ||| Stepping randomly (stuck).
 19233 | D:13     | 19233 ||| Stepping randomly (stuck).
 19234 | D:13     | 19234 ||| Stepping randomly (stuck).
 19235 | D:13     | 19235 ||| Stepping randomly (stuck).
 19236 | D:13     | 19236 ||| Stepping randomly (stuck).
 19237 | D:13     | 19237 ||| Stepping randomly (stuck).
 19238 | D:13     | 19238 ||| Stepping randomly (stuck).
 19239 | D:13     | 19239 ||| Stepping randomly (stuck).
 19240 | D:13     | 19240 ||| Stepping randomly (stuck).
 19241 | D:13     | 19241 ||| Stepping randomly (stuck).
 19242 | D:13     | 19242 ||| Stepping randomly (stuck).
 19243 | D:13     | 19243 ||| Stepping randomly (stuck).
 19244 | D:13     | 19244 ||| Stepping randomly (stuck).
 19245 | D:13     | 19245 ||| Stepping randomly (stuck).
 19246 | D:13     | 19246 ||| Stepping randomly (stuck).
 19247 | D:13     | 19247 ||| Stepping randomly (stuck).
 19248 | D:13     | 19248 ||| Stepping randomly (stuck).
 19249 | D:13     | 19249 ||| Stepping randomly (stuck).
 19250 | D:13     | 19250 ||| Stepping randomly (stuck).
 19251 | D:13     | 19251 ||| Stepping randomly (stuck).
 19252 | D:13     | 19252 ||| Stepping randomly (stuck).
 19253 | D:13     | 19253 ||| Stepping randomly (stuck).
 19254 | D:13     | 19254 ||| Stepping randomly (stuck).
 19255 | D:13     | 19255 ||| Stepping randomly (stuck).
 19256 | D:13     | 19256 ||| Stepping randomly (stuck).
 19257 | D:13     | 19257 ||| Stepping randomly (stuck).
 19258 | D:13     | 19258 ||| Stepping randomly (stuck).
 19259 | D:13     | 19259 ||| Stepping randomly (stuck).
 19260 | D:13     | 19260 ||| Stepping randomly (stuck).
 19261 | D:13     | 19261 ||| Stepping randomly (stuck).
 19262 | D:13     | 19262 ||| Stepping randomly (stuck).
 19263 | D:13     | 19263 ||| Stepping randomly (stuck).
 19264 | D:13     | 19264 ||| Stepping randomly (stuck).
 19265 | D:13     | 19265 ||| Stepping randomly (stuck).
 19266 | D:13     | 19266 ||| Stepping randomly (stuck).
 19267 | D:13     | 19267 ||| Stepping randomly (stuck).
 19268 | D:13     | 19268 ||| Stepping randomly (stuck).
 19269 | D:13     | 19269 ||| Stepping randomly (stuck).
 19270 | D:13     | 19270 ||| Stepping randomly (stuck).
 19271 | D:13     | 19271 ||| Stepping randomly (stuck).
 19272 | D:13     | 19272 ||| Stepping randomly (stuck).
 19273 | D:13     | 19273 ||| Stepping randomly (stuck).
 19274 | D:13     | 19274 ||| Stepping randomly (stuck).
 19275 | D:13     | 19275 ||| Stepping randomly (stuck).
 19276 | D:13     | 19276 ||| Stepping randomly (stuck).
 19277 | D:13     | 19277 ||| Stepping randomly (stuck).
 19278 | D:13     | 19278 ||| Stepping randomly (stuck).
 19279 | D:13     | 19279 ||| Stepping randomly (stuck).
 19280 | D:13     | 19280 ||| Stepping randomly (stuck).
 19281 | D:13     | 19281 ||| Stepping randomly (stuck).
 19282 | D:13     | 19282 ||| Stepping randomly (stuck).
 19283 | D:13     | 19283 ||| Stepping randomly (stuck).
 19284 | D:13     | 19284 ||| Stepping randomly (stuck).
 19285 | D:13     | 19285 ||| Stepping randomly (stuck).
 19286 | D:13     | 19286 ||| Stepping randomly (stuck).
 19287 | D:13     | 19287 ||| Stepping randomly (stuck).
 19288 | D:13     | 19288 ||| Stepping randomly (stuck).
 19289 | D:13     | 19289 ||| Stepping randomly (stuck).
 19290 | D:13     | 19290 ||| Stepping randomly (stuck).
 19291 | D:13     | 19291 ||| Stepping randomly (stuck).
 19292 | D:13     | 19292 ||| Stepping randomly (stuck).
 19293 | D:13     | 19293 ||| Stepping randomly (stuck).
 19294 | D:13     | 19294 ||| Stepping randomly (stuck).
 19295 | D:13     | 19295 ||| Stepping randomly (stuck).
 19296 | D:13     | 19296 ||| Stepping randomly (stuck).
 19297 | D:13     | 19297 ||| Stepping randomly (stuck).
 19298 | D:13     | 19298 ||| Stepping randomly (stuck).
 19299 | D:13     | 19299 ||| Stepping randomly (stuck).
 19300 | D:13     | 19300 ||| Stepping randomly (stuck).
 19301 | D:13     | 19301 ||| Stepping randomly (stuck).
 19302 | D:13     | 19302 ||| Stepping randomly (stuck).
 19303 | D:13     | 19303 ||| Stepping randomly (stuck).
 19304 | D:13     | 19304 ||| Stepping randomly (stuck).
 19305 | D:13     | 19305 ||| Stepping randomly (stuck).
 19306 | D:13     | 19306 ||| Stepping randomly (stuck).
 19307 | D:13     | 19307 ||| Stepping randomly (stuck).
 19308 | D:13     | 19308 ||| Stepping randomly (stuck).
 19309 | D:13     | 19309 ||| Stepping randomly (stuck).
 19310 | D:13     | 19310 ||| Stepping randomly (stuck).
 19311 | D:13     | 19311 ||| Stepping randomly (stuck).
 19312 | D:13     | 19312 ||| Stepping randomly (stuck).
 19313 | D:13     | 19313 ||| Stepping randomly (stuck).
 19314 | D:13     | 19314 ||| Stepping randomly (stuck).
 19315 | D:13     | 19315 ||| Stepping randomly (stuck).
 19316 | D:13     | 19316 ||| Stepping randomly (stuck).
 19317 | D:13     | 19317 ||| Stepping randomly (stuck).
 19318 | D:13     | 19318 ||| Stepping randomly (stuck).
 19319 | D:13     | 19319 ||| Stepping randomly (stuck).
 19320 | D:13     | 19320 ||| Stepping randomly (stuck).
 19321 | D:13     | 19321 ||| Stepping randomly (stuck).
 19322 | D:13     | 19322 ||| Stepping randomly (stuck).
 19323 | D:13     | 19323 ||| Stepping randomly (stuck).
 19324 | D:13     | 19324 ||| Stepping randomly (stuck).
 19325 | D:13     | 19325 ||| Stepping randomly (stuck).
 19326 | D:13     | 19326 ||| Stepping randomly (stuck).
 19327 | D:13     | 19327 ||| Stepping randomly (stuck).
 19328 | D:13     | 19328 ||| Stepping randomly (stuck).
 19329 | D:13     | 19329 ||| Stepping randomly (stuck).
 19330 | D:13     | 19330 ||| Stepping randomly (stuck).
 19331 | D:13     | 19331 ||| Stepping randomly (stuck).
 19332 | D:13     | 19332 ||| Stepping randomly (stuck).
 19333 | D:13     | 19333 ||| Stepping randomly (stuck).
 19334 | D:13     | 19334 ||| Stepping randomly (stuck).
 19335 | D:13     | 19335 ||| Stepping randomly (stuck).
 19336 | D:13     | 19336 ||| Stepping randomly (stuck).
 19337 | D:13     | 19337 ||| Stepping randomly (stuck).
 19338 | D:13     | 19338 ||| Stepping randomly (stuck).
 19339 | D:13     | 19339 ||| Stepping randomly (stuck).
 19340 | D:13     | 19340 ||| Stepping randomly (stuck).
 19341 | D:13     | 19341 ||| Stepping randomly (stuck).
 19342 | D:13     | 19342 ||| Stepping randomly (stuck).
 19343 | D:13     | 19343 ||| Stepping randomly (stuck).
 19344 | D:13     | 19344 ||| Stepping randomly (stuck).
 19345 | D:13     | 19345 ||| Stepping randomly (stuck).
 19346 | D:13     | 19346 ||| Stepping randomly (stuck).
 19347 | D:13     | 19347 ||| Stepping randomly (stuck).
 19348 | D:13     | 19348 ||| Stepping randomly (stuck).
 19349 | D:13     | 19349 ||| Stepping randomly (stuck).
 19350 | D:13     | 19350 ||| Stepping randomly (stuck).
 19351 | D:13     | 19351 ||| Stepping randomly (stuck).
 19352 | D:13     | 19352 ||| Stepping randomly (stuck).
 19353 | D:13     | 19353 ||| Stepping randomly (stuck).
 19354 | D:13     | 19354 ||| Stepping randomly (stuck).
 19355 | D:13     | 19355 ||| Stepping randomly (stuck).
 19356 | D:13     | 19356 ||| Stepping randomly (stuck).
 19357 | D:13     | 19357 ||| Stepping randomly (stuck).
 19358 | D:13     | 19358 ||| Stepping randomly (stuck).
 19359 | D:13     | 19359 ||| Stepping randomly (stuck).
 19360 | D:13     | 19360 ||| Stepping randomly (stuck).
 19361 | D:13     | 19361 ||| Stepping randomly (stuck).
 19362 | D:13     | 19362 ||| Stepping randomly (stuck).
 19363 | D:13     | 19363 ||| Stepping randomly (stuck).
 19364 | D:13     | 19364 ||| Stepping randomly (stuck).
 19365 | D:13     | 19365 ||| Stepping randomly (stuck).
 19366 | D:13     | 19366 ||| Stepping randomly (stuck).
 19367 | D:13     | 19367 ||| Stepping randomly (stuck).
 19368 | D:13     | 19368 ||| Stepping randomly (stuck).
 19369 | D:13     | 19369 ||| Stepping randomly (stuck).
 19370 | D:13     | 19370 ||| Stepping randomly (stuck).
 19371 | D:13     | 19371 ||| Stepping randomly (stuck).
 19372 | D:13     | 19372 ||| Stepping randomly (stuck).
 19373 | D:13     | 19373 ||| Stepping randomly (stuck).
 19374 | D:13     | 19374 ||| Stepping randomly (stuck).
 19375 | D:13     | 19375 ||| Stepping randomly (stuck).
 19376 | D:13     | 19376 ||| Stepping randomly (stuck).
 19377 | D:13     | 19377 ||| Stepping randomly (stuck).
 19378 | D:13     | 19378 ||| Stepping randomly (stuck).
 19379 | D:13     | 19379 ||| Stepping randomly (stuck).
 19380 | D:13     | 19380 ||| Stepping randomly (stuck).
 19381 | D:13     | 19381 ||| Stepping randomly (stuck).
 19382 | D:13     | 19382 ||| Stepping randomly (stuck).
 19383 | D:13     | 19383 ||| Stepping randomly (stuck).
 19384 | D:13     | 19384 ||| Stepping randomly (stuck).
 19385 | D:13     | 19385 ||| Stepping randomly (stuck).
 19386 | D:13     | 19386 ||| Stepping randomly (stuck).
 19387 | D:13     | 19387 ||| Stepping randomly (stuck).
 19388 | D:13     | 19388 ||| Stepping randomly (stuck).
 19389 | D:13     | 19389 ||| Stepping randomly (stuck).
 19390 | D:13     | 19390 ||| Stepping randomly (stuck).
 19391 | D:13     | 19391 ||| Stepping randomly (stuck).
 19392 | D:13     | 19392 ||| Stepping randomly (stuck).
 19393 | D:13     | 19393 ||| Stepping randomly (stuck).
 19394 | D:13     | 19394 ||| Stepping randomly (stuck).
 19395 | D:13     | 19395 ||| Stepping randomly (stuck).
 19396 | D:13     | 19396 ||| Stepping randomly (stuck).
 19397 | D:13     | 19397 ||| Stepping randomly (stuck).
 19398 | D:13     | 19398 ||| Stepping randomly (stuck).
 19399 | D:13     | 19399 ||| Stepping randomly (stuck).
 19400 | D:13     | 19400 ||| Stepping randomly (stuck).
 19401 | D:13     | 19401 ||| Stepping randomly (stuck).
 19402 | D:13     | 19402 ||| Stepping randomly (stuck).
 19403 | D:13     | 19403 ||| Stepping randomly (stuck).
 19404 | D:13     | 19404 ||| Stepping randomly (stuck).
 19405 | D:13     | 19405 ||| Stepping randomly (stuck).
 19406 | D:13     | 19406 ||| Stepping randomly (stuck).
 19407 | D:13     | 19407 ||| Stepping randomly (stuck).
 19408 | D:13     | 19408 ||| Stepping randomly (stuck).
 19409 | D:13     | 19409 ||| Stepping randomly (stuck).
 19410 | D:13     | 19410 ||| Stepping randomly (stuck).
 19411 | D:13     | 19411 ||| Stepping randomly (stuck).
 19412 | D:13     | 19412 ||| Stepping randomly (stuck).
 19413 | D:13     | 19413 ||| Stepping randomly (stuck).
 19414 | D:13     | 19414 ||| Stepping randomly (stuck).
 19415 | D:13     | 19415 ||| Stepping randomly (stuck).
 19416 | D:13     | 19416 ||| Stepping randomly (stuck).
 19417 | D:13     | 19417 ||| Stepping randomly (stuck).
 19418 | D:13     | 19418 ||| Stepping randomly (stuck).
 19419 | D:13     | 19419 ||| Stepping randomly (stuck).
 19420 | D:13     | 19420 ||| Stepping randomly (stuck).
 19421 | D:13     | 19421 ||| Stepping randomly (stuck).
 19422 | D:13     | 19422 ||| Stepping randomly (stuck).
 19423 | D:13     | 19423 ||| Stepping randomly (stuck).
 19424 | D:13     | 19424 ||| Stepping randomly (stuck).
 19425 | D:13     | 19425 ||| Stepping randomly (stuck).
 19426 | D:13     | 19426 ||| Stepping randomly (stuck).
 19427 | D:13     | 19427 ||| Stepping randomly (stuck).
 19428 | D:13     | 19428 ||| Stepping randomly (stuck).
 19429 | D:13     | 19429 ||| Stepping randomly (stuck).
 19430 | D:13     | 19430 ||| Stepping randomly (stuck).
 19431 | D:13     | 19431 ||| Stepping randomly (stuck).
 19432 | D:13     | 19432 ||| Stepping randomly (stuck).
 19433 | D:13     | 19433 ||| Stepping randomly (stuck).
 19434 | D:13     | 19434 ||| Stepping randomly (stuck).
 19435 | D:13     | 19435 ||| Stepping randomly (stuck).
 19436 | D:13     | 19436 ||| Stepping randomly (stuck).
 19437 | D:13     | 19437 ||| Stepping randomly (stuck).
 19438 | D:13     | 19438 ||| Stepping randomly (stuck).
 19439 | D:13     | 19439 ||| Stepping randomly (stuck).
 19440 | D:13     | 19440 ||| Stepping randomly (stuck).
 19441 | D:13     | 19441 ||| Stepping randomly (stuck).
 19442 | D:13     | 19442 ||| Stepping randomly (stuck).
 19443 | D:13     | 19443 ||| Stepping randomly (stuck).
 19444 | D:13     | 19444 ||| Stepping randomly (stuck).
 19445 | D:13     | 19445 ||| Stepping randomly (stuck).
 19446 | D:13     | 19446 ||| Stepping randomly (stuck).
 19447 | D:13     | 19447 ||| Stepping randomly (stuck).
 19448 | D:13     | 19448 ||| Stepping randomly (stuck).
 19449 | D:13     | 19449 ||| Stepping randomly (stuck).
 19450 | D:13     | 19450 ||| Stepping randomly (stuck).
 19451 | D:13     | 19451 ||| Stepping randomly (stuck).
 19452 | D:13     | 19452 ||| Stepping randomly (stuck).
 19453 | D:13     | 19453 ||| Stepping randomly (stuck).
 19454 | D:13     | 19454 ||| Stepping randomly (stuck).
 19455 | D:13     | 19455 ||| Stepping randomly (stuck).
 19456 | D:13     | 19456 ||| Stepping randomly (stuck).
 19457 | D:13     | 19457 ||| Stepping randomly (stuck).
 19458 | D:13     | 19458 ||| Stepping randomly (stuck).
 19459 | D:13     | 19459 ||| Stepping randomly (stuck).
 19460 | D:13     | 19460 ||| Stepping randomly (stuck).
 19461 | D:13     | 19461 ||| Stepping randomly (stuck).
 19462 | D:13     | 19462 ||| Stepping randomly (stuck).
 19463 | D:13     | 19463 ||| Stepping randomly (stuck).
 19464 | D:13     | 19464 ||| Stepping randomly (stuck).
 19465 | D:13     | 19465 ||| Stepping randomly (stuck).
 19466 | D:13     | 19466 ||| Stepping randomly (stuck).
 19467 | D:13     | 19467 ||| Stepping randomly (stuck).
 19468 | D:13     | 19468 ||| Stepping randomly (stuck).
 19469 | D:13     | 19469 ||| Stepping randomly (stuck).
 19470 | D:13     | 19470 ||| Stepping randomly (stuck).
 19471 | D:13     | 19471 ||| Stepping randomly (stuck).
 19472 | D:13     | 19472 ||| Stepping randomly (stuck).
 19473 | D:13     | 19473 ||| Stepping randomly (stuck).
 19474 | D:13     | 19474 ||| Stepping randomly (stuck).
 19475 | D:13     | 19475 ||| Stepping randomly (stuck).
 19476 | D:13     | 19476 ||| Stepping randomly (stuck).
 19477 | D:13     | 19477 ||| Stepping randomly (stuck).
 19478 | D:13     | 19478 ||| Stepping randomly (stuck).
 19479 | D:13     | 19479 ||| Stepping randomly (stuck).
 19480 | D:13     | 19480 ||| Stepping randomly (stuck).
 19481 | D:13     | 19481 ||| Stepping randomly (stuck).
 19482 | D:13     | 19482 ||| Stepping randomly (stuck).
 19483 | D:13     | 19483 ||| Stepping randomly (stuck).
 19484 | D:13     | 19484 ||| Stepping randomly (stuck).
 19485 | D:13     | 19485 ||| Stepping randomly (stuck).
 19486 | D:13     | 19486 ||| Stepping randomly (stuck).
 19487 | D:13     | 19487 ||| Stepping randomly (stuck).
 19488 | D:13     | 19488 ||| Stepping randomly (stuck).
 19489 | D:13     | 19489 ||| Stepping randomly (stuck).
 19490 | D:13     | 19490 ||| Stepping randomly (stuck).
 19491 | D:13     | 19491 ||| Stepping randomly (stuck).
 19492 | D:13     | 19492 ||| Stepping randomly (stuck).
 19493 | D:13     | 19493 ||| Stepping randomly (stuck).
 19494 | D:13     | 19494 ||| Stepping randomly (stuck).
 19495 | D:13     | 19495 ||| Stepping randomly (stuck).
 19496 | D:13     | 19496 ||| Stepping randomly (stuck).
 19497 | D:13     | 19497 ||| Stepping randomly (stuck).
 19498 | D:13     | 19498 ||| Stepping randomly (stuck).
 19499 | D:13     | 19499 ||| Stepping randomly (stuck).
 19500 | D:13     | 19500 ||| Stepping randomly (stuck).
 19501 | D:13     | 19501 ||| Stepping randomly (stuck).
 19502 | D:13     | 19502 ||| Stepping randomly (stuck).
 19503 | D:13     | 19503 ||| Stepping randomly (stuck).
 19504 | D:13     | 19504 ||| Stepping randomly (stuck).
 19505 | D:13     | 19505 ||| Stepping randomly (stuck).
 19506 | D:13     | 19506 ||| Stepping randomly (stuck).
 19507 | D:13     | 19507 ||| Stepping randomly (stuck).
 19508 | D:13     | 19508 ||| Stepping randomly (stuck).
 19509 | D:13     | 19509 ||| Stepping randomly (stuck).
 19510 | D:13     | 19510 ||| Stepping randomly (stuck).
 19511 | D:13     | 19511 ||| Stepping randomly (stuck).
 19512 | D:13     | 19512 ||| Stepping randomly (stuck).
 19513 | D:13     | 19513 ||| Stepping randomly (stuck).
 19514 | D:13     | 19514 ||| Stepping randomly (stuck).
 19515 | D:13     | 19515 ||| Stepping randomly (stuck).
 19516 | D:13     | 19516 ||| Stepping randomly (stuck).
 19517 | D:13     | 19517 ||| Stepping randomly (stuck).
 19518 | D:13     | 19518 ||| Stepping randomly (stuck).
 19519 | D:13     | 19519 ||| Stepping randomly (stuck).
 19520 | D:13     | 19520 ||| Stepping randomly (stuck).
 19521 | D:13     | 19521 ||| Stepping randomly (stuck).
 19522 | D:13     | 19522 ||| Stepping randomly (stuck).
 19523 | D:13     | 19523 ||| Stepping randomly (stuck).
 19524 | D:13     | 19524 ||| Stepping randomly (stuck).
 19525 | D:13     | 19525 ||| Stepping randomly (stuck).
 19526 | D:13     | 19526 ||| Stepping randomly (stuck).
 19527 | D:13     | 19527 ||| Stepping randomly (stuck).
 19528 | D:13     | 19528 ||| Stepping randomly (stuck).
 19529 | D:13     | 19529 ||| Stepping randomly (stuck).
 19530 | D:13     | 19530 ||| Stepping randomly (stuck).
 19531 | D:13     | 19531 ||| Stepping randomly (stuck).
 19532 | D:13     | 19532 ||| Stepping randomly (stuck).
 19533 | D:13     | 19533 ||| Stepping randomly (stuck).
 19534 | D:13     | 19534 ||| Stepping randomly (stuck).
 19535 | D:13     | 19535 ||| Stepping randomly (stuck).
 19536 | D:13     | 19536 ||| Stepping randomly (stuck).
 19537 | D:13     | 19537 ||| Stepping randomly (stuck).
 19538 | D:13     | 19538 ||| Stepping randomly (stuck).
 19539 | D:13     | 19539 ||| Stepping randomly (stuck).
 19540 | D:13     | 19540 ||| Stepping randomly (stuck).
 19541 | D:13     | 19541 ||| Stepping randomly (stuck).
 19542 | D:13     | 19542 ||| Stepping randomly (stuck).
 19543 | D:13     | 19543 ||| Stepping randomly (stuck).
 19544 | D:13     | 19544 ||| Stepping randomly (stuck).
 19545 | D:13     | 19545 ||| Stepping randomly (stuck).
 19546 | D:13     | 19546 ||| Stepping randomly (stuck).
 19547 | D:13     | 19547 ||| Stepping randomly (stuck).
 19548 | D:13     | 19548 ||| Stepping randomly (stuck).
 19549 | D:13     | 19549 ||| Stepping randomly (stuck).
 19550 | D:13     | 19550 ||| Stepping randomly (stuck).
 19551 | D:13     | 19551 ||| Stepping randomly (stuck).
 19552 | D:13     | 19552 ||| Stepping randomly (stuck).
 19553 | D:13     | 19553 ||| Stepping randomly (stuck).
 19554 | D:13     | 19554 ||| Stepping randomly (stuck).
 19555 | D:13     | 19555 ||| Stepping randomly (stuck).
 19556 | D:13     | 19556 ||| Stepping randomly (stuck).
 19557 | D:13     | 19557 ||| Stepping randomly (stuck).
 19558 | D:13     | 19558 ||| Stepping randomly (stuck).
 19559 | D:13     | 19559 ||| Stepping randomly (stuck).
 19560 | D:13     | 19560 ||| Stepping randomly (stuck).
 19561 | D:13     | 19561 ||| Stepping randomly (stuck).
 19562 | D:13     | 19562 ||| Stepping randomly (stuck).
 19563 | D:13     | 19563 ||| Stepping randomly (stuck).
 19564 | D:13     | 19564 ||| Stepping randomly (stuck).
 19565 | D:13     | 19565 ||| Stepping randomly (stuck).
 19566 | D:13     | 19566 ||| Stepping randomly (stuck).
 19567 | D:13     | 19567 ||| Stepping randomly (stuck).
 19568 | D:13     | 19568 ||| Stepping randomly (stuck).
 19569 | D:13     | 19569 ||| Stepping randomly (stuck).
 19570 | D:13     | 19570 ||| Stepping randomly (stuck).
 19571 | D:13     | 19571 ||| Stepping randomly (stuck).
 19572 | D:13     | 19572 ||| Stepping randomly (stuck).
 19573 | D:13     | 19573 ||| Stepping randomly (stuck).
 19574 | D:13     | 19574 ||| Stepping randomly (stuck).
 19575 | D:13     | 19575 ||| Stepping randomly (stuck).
 19576 | D:13     | 19576 ||| Stepping randomly (stuck).
 19577 | D:13     | 19577 ||| Stepping randomly (stuck).
 19578 | D:13     | 19578 ||| Stepping randomly (stuck).
 19579 | D:13     | 19579 ||| Stepping randomly (stuck).
 19580 | D:13     | 19580 ||| Stepping randomly (stuck).
 19581 | D:13     | 19581 ||| Stepping randomly (stuck).
 19582 | D:13     | 19582 ||| Stepping randomly (stuck).
 19583 | D:13     | 19583 ||| Stepping randomly (stuck).
 19584 | D:13     | 19584 ||| Stepping randomly (stuck).
 19585 | D:13     | 19585 ||| Stepping randomly (stuck).
 19586 | D:13     | 19586 ||| Stepping randomly (stuck).
 19587 | D:13     | 19587 ||| Stepping randomly (stuck).
 19588 | D:13     | 19588 ||| Stepping randomly (stuck).
 19589 | D:13     | 19589 ||| Stepping randomly (stuck).
 19590 | D:13     | 19590 ||| Stepping randomly (stuck).
 19591 | D:13     | 19591 ||| Stepping randomly (stuck).
 19592 | D:13     | 19592 ||| Stepping randomly (stuck).
 19593 | D:13     | 19593 ||| Stepping randomly (stuck).
 19594 | D:13     | 19594 ||| Stepping randomly (stuck).
 19595 | D:13     | 19595 ||| Stepping randomly (stuck).
 19596 | D:13     | 19596 ||| Stepping randomly (stuck).
 19597 | D:13     | 19597 ||| Stepping randomly (stuck).
 19598 | D:13     | 19598 ||| Stepping randomly (stuck).
 19599 | D:13     | 19599 ||| Stepping randomly (stuck).
 19600 | D:13     | 19600 ||| Stepping randomly (stuck).
 19601 | D:13     | 19601 ||| Stepping randomly (stuck).
 19602 | D:13     | 19602 ||| Stepping randomly (stuck).
 19603 | D:13     | 19603 ||| Stepping randomly (stuck).
 19604 | D:13     | 19604 ||| Stepping randomly (stuck).
 19605 | D:13     | 19605 ||| Stepping randomly (stuck).
 19606 | D:13     | 19606 ||| Stepping randomly (stuck).
 19607 | D:13     | 19607 ||| Stepping randomly (stuck).
 19608 | D:13     | 19608 ||| Stepping randomly (stuck).
 19609 | D:13     | 19609 ||| Stepping randomly (stuck).
 19610 | D:13     | 19610 ||| Stepping randomly (stuck).
 19611 | D:13     | 19611 ||| Stepping randomly (stuck).
 19612 | D:13     | 19612 ||| Stepping randomly (stuck).
 19613 | D:13     | 19613 ||| Stepping randomly (stuck).
 19614 | D:13     | 19614 ||| Stepping randomly (stuck).
 19615 | D:13     | 19615 ||| Stepping randomly (stuck).
 19616 | D:13     | 19616 ||| Stepping randomly (stuck).
 19617 | D:13     | 19617 ||| Stepping randomly (stuck).
 19618 | D:13     | 19618 ||| Stepping randomly (stuck).
 19619 | D:13     | 19619 ||| Stepping randomly (stuck).
 19620 | D:13     | 19620 ||| Stepping randomly (stuck).
 19621 | D:13     | 19621 ||| Stepping randomly (stuck).
 19622 | D:13     | 19622 ||| Stepping randomly (stuck).
 19623 | D:13     | 19623 ||| Stepping randomly (stuck).
 19624 | D:13     | 19624 ||| Stepping randomly (stuck).
 19625 | D:13     | 19625 ||| Stepping randomly (stuck).
 19626 | D:13     | 19626 ||| Stepping randomly (stuck).
 19627 | D:13     | 19627 ||| Stepping randomly (stuck).
 19628 | D:13     | 19628 ||| Stepping randomly (stuck).
 19629 | D:13     | 19629 ||| Stepping randomly (stuck).
 19630 | D:13     | 19630 ||| Stepping randomly (stuck).
 19631 | D:13     | 19631 ||| Stepping randomly (stuck).
 19632 | D:13     | 19632 ||| Stepping randomly (stuck).
 19633 | D:13     | 19633 ||| Stepping randomly (stuck).
 19634 | D:13     | 19634 ||| Stepping randomly (stuck).
 19635 | D:13     | 19635 ||| Stepping randomly (stuck).
 19636 | D:13     | 19636 ||| Stepping randomly (stuck).
 19637 | D:13     | 19637 ||| Stepping randomly (stuck).
 19638 | D:13     | 19638 ||| Stepping randomly (stuck).
 19639 | D:13     | 19639 ||| Stepping randomly (stuck).
 19640 | D:13     | 19640 ||| Stepping randomly (stuck).
 19641 | D:13     | 19641 ||| Stepping randomly (stuck).
 19642 | D:13     | 19642 ||| Stepping randomly (stuck).
 19643 | D:13     | 19643 ||| Stepping randomly (stuck).
 19644 | D:13     | 19644 ||| Stepping randomly (stuck).
 19645 | D:13     | 19645 ||| Stepping randomly (stuck).
 19646 | D:13     | 19646 ||| Stepping randomly (stuck).
 19647 | D:13     | 19647 ||| Stepping randomly (stuck).
 19648 | D:13     | 19648 ||| Stepping randomly (stuck).
 19649 | D:13     | 19649 ||| Stepping randomly (stuck).
 19650 | D:13     | 19650 ||| Stepping randomly (stuck).
 19651 | D:13     | 19651 ||| Stepping randomly (stuck).
 19652 | D:13     | 19652 ||| Stepping randomly (stuck).
 19653 | D:13     | 19653 ||| Stepping randomly (stuck).
 19654 | D:13     | 19654 ||| Stepping randomly (stuck).
 19655 | D:13     | 19655 ||| Stepping randomly (stuck).
 19656 | D:13     | 19656 ||| Stepping randomly (stuck).
 19657 | D:13     | 19657 ||| Stepping randomly (stuck).
 19658 | D:13     | 19658 ||| Stepping randomly (stuck).
 19659 | D:13     | 19659 ||| Stepping randomly (stuck).
 19660 | D:13     | 19660 ||| Stepping randomly (stuck).
 19661 | D:13     | 19661 ||| Stepping randomly (stuck).
 19662 | D:13     | 19662 ||| Stepping randomly (stuck).
 19663 | D:13     | 19663 ||| Stepping randomly (stuck).
 19664 | D:13     | 19664 ||| Stepping randomly (stuck).
 19665 | D:13     | 19665 ||| Stepping randomly (stuck).
 19666 | D:13     | 19666 ||| Stepping randomly (stuck).
 19667 | D:13     | 19667 ||| Stepping randomly (stuck).
 19668 | D:13     | 19668 ||| Stepping randomly (stuck).
 19669 | D:13     | 19669 ||| Stepping randomly (stuck).
 19670 | D:13     | 19670 ||| Stepping randomly (stuck).
 19671 | D:13     | 19671 ||| Stepping randomly (stuck).
 19672 | D:13     | 19672 ||| Stepping randomly (stuck).
 19673 | D:13     | 19673 ||| Stepping randomly (stuck).
 19674 | D:13     | 19674 ||| Stepping randomly (stuck).
 19675 | D:13     | 19675 ||| Stepping randomly (stuck).
 19676 | D:13     | 19676 ||| Stepping randomly (stuck).
 19677 | D:13     | 19677 ||| Stepping randomly (stuck).
 19678 | D:13     | 19678 ||| Stepping randomly (stuck).
 19679 | D:13     | 19679 ||| Stepping randomly (stuck).
 19680 | D:13     | 19680 ||| Stepping randomly (stuck).
 19681 | D:13     | 19681 ||| Stepping randomly (stuck).
 19682 | D:13     | 19682 ||| Stepping randomly (stuck).
 19683 | D:13     | 19683 ||| Stepping randomly (stuck).
 19684 | D:13     | 19684 ||| Stepping randomly (stuck).
 19685 | D:13     | 19685 ||| Stepping randomly (stuck).
 19686 | D:13     | 19686 ||| Stepping randomly (stuck).
 19687 | D:13     | 19687 ||| Stepping randomly (stuck).
 19688 | D:13     | 19688 ||| Stepping randomly (stuck).
 19689 | D:13     | 19689 ||| Stepping randomly (stuck).
 19690 | D:13     | 19690 ||| Stepping randomly (stuck).
 19691 | D:13     | 19691 ||| Stepping randomly (stuck).
 19692 | D:13     | 19692 ||| Stepping randomly (stuck).
 19693 | D:13     | 19693 ||| Stepping randomly (stuck).
 19694 | D:13     | 19694 ||| Stepping randomly (stuck).
 19695 | D:13     | 19695 ||| Stepping randomly (stuck).
 19696 | D:13     | 19696 ||| Stepping randomly (stuck).
 19697 | D:13     | 19697 ||| Stepping randomly (stuck).
 19698 | D:13     | 19698 ||| Stepping randomly (stuck).
 19699 | D:13     | 19699 ||| Stepping randomly (stuck).
 19700 | D:13     | 19700 ||| Stepping randomly (stuck).
 19701 | D:13     | 19701 ||| Stepping randomly (stuck).
 19702 | D:13     | 19702 ||| Stepping randomly (stuck).
 19703 | D:13     | 19703 ||| Stepping randomly (stuck).
 19704 | D:13     | 19704 ||| Stepping randomly (stuck).
 19705 | D:13     | 19705 ||| Stepping randomly (stuck).
 19706 | D:13     | 19706 ||| Stepping randomly (stuck).
 19707 | D:13     | 19707 ||| Stepping randomly (stuck).
 19708 | D:13     | 19708 ||| Stepping randomly (stuck).
 19709 | D:13     | 19709 ||| Stepping randomly (stuck).
 19710 | D:13     | 19710 ||| Stepping randomly (stuck).
 19711 | D:13     | 19711 ||| Stepping randomly (stuck).
 19712 | D:13     | 19712 ||| Stepping randomly (stuck).
 19713 | D:13     | 19713 ||| Stepping randomly (stuck).
 19714 | D:13     | 19714 ||| Stepping randomly (stuck).
 19715 | D:13     | 19715 ||| Stepping randomly (stuck).
 19716 | D:13     | 19716 ||| Stepping randomly (stuck).
 19717 | D:13     | 19717 ||| Stepping randomly (stuck).
 19718 | D:13     | 19718 ||| Stepping randomly (stuck).
 19719 | D:13     | 19719 ||| Stepping randomly (stuck).
 19720 | D:13     | 19720 ||| Stepping randomly (stuck).
 19721 | D:13     | 19721 ||| Stepping randomly (stuck).
 19722 | D:13     | 19722 ||| Stepping randomly (stuck).
 19723 | D:13     | 19723 ||| Stepping randomly (stuck).
 19724 | D:13     | 19724 ||| Stepping randomly (stuck).
 19725 | D:13     | 19725 ||| Stepping randomly (stuck).
 19726 | D:13     | 19726 ||| Stepping randomly (stuck).
 19727 | D:13     | 19727 ||| Stepping randomly (stuck).
 19728 | D:13     | 19728 ||| Stepping randomly (stuck).
 19729 | D:13     | 19729 ||| Stepping randomly (stuck).
 19730 | D:13     | 19730 ||| Stepping randomly (stuck).
 19731 | D:13     | 19731 ||| Stepping randomly (stuck).
 19732 | D:13     | 19732 ||| Stepping randomly (stuck).
 19733 | D:13     | 19733 ||| Stepping randomly (stuck).
 19734 | D:13     | 19734 ||| Stepping randomly (stuck).
 19735 | D:13     | 19735 ||| Stepping randomly (stuck).
 19736 | D:13     | 19736 ||| Stepping randomly (stuck).
 19737 | D:13     | 19737 ||| Stepping randomly (stuck).
 19738 | D:13     | 19738 ||| Stepping randomly (stuck).
 19739 | D:13     | 19739 ||| Stepping randomly (stuck).
 19740 | D:13     | 19740 ||| Stepping randomly (stuck).
 19741 | D:13     | 19741 ||| Stepping randomly (stuck).
 19742 | D:13     | 19742 ||| Stepping randomly (stuck).
 19743 | D:13     | 19743 ||| Stepping randomly (stuck).
 19744 | D:13     | 19744 ||| Stepping randomly (stuck).
 19745 | D:13     | 19745 ||| Stepping randomly (stuck).
 19746 | D:13     | 19746 ||| Stepping randomly (stuck).
 19747 | D:13     | 19747 ||| Stepping randomly (stuck).
 19748 | D:13     | 19748 ||| Stepping randomly (stuck).
 19749 | D:13     | 19749 ||| Stepping randomly (stuck).
 19750 | D:13     | 19750 ||| Stepping randomly (stuck).
 19751 | D:13     | 19751 ||| Stepping randomly (stuck).
 19752 | D:13     | 19752 ||| Stepping randomly (stuck).
 19753 | D:13     | 19753 ||| Stepping randomly (stuck).
 19754 | D:13     | 19754 ||| Stepping randomly (stuck).
 19755 | D:13     | 19755 ||| Stepping randomly (stuck).
 19756 | D:13     | 19756 ||| Stepping randomly (stuck).
 19757 | D:13     | 19757 ||| Stepping randomly (stuck).
 19758 | D:13     | 19758 ||| Stepping randomly (stuck).
 19759 | D:13     | 19759 ||| Stepping randomly (stuck).
 19760 | D:13     | 19760 ||| Stepping randomly (stuck).
 19761 | D:13     | 19761 ||| Stepping randomly (stuck).
 19762 | D:13     | 19762 ||| Stepping randomly (stuck).
 19763 | D:13     | 19763 ||| Stepping randomly (stuck).
 19764 | D:13     | 19764 ||| Stepping randomly (stuck).
 19765 | D:13     | 19765 ||| Stepping randomly (stuck).
 19766 | D:13     | 19766 ||| Stepping randomly (stuck).
 19767 | D:13     | 19767 ||| Stepping randomly (stuck).
 19768 | D:13     | 19768 ||| Stepping randomly (stuck).
 19769 | D:13     | 19769 ||| Stepping randomly (stuck).
 19770 | D:13     | 19770 ||| Stepping randomly (stuck).
 19771 | D:13     | 19771 ||| Stepping randomly (stuck).
 19772 | D:13     | 19772 ||| Stepping randomly (stuck).
 19773 | D:13     | 19773 ||| Stepping randomly (stuck).
 19774 | D:13     | 19774 ||| Stepping randomly (stuck).
 19775 | D:13     | 19775 ||| Stepping randomly (stuck).
 19776 | D:13     | 19776 ||| Stepping randomly (stuck).
 19777 | D:13     | 19777 ||| Stepping randomly (stuck).
 19778 | D:13     | 19778 ||| Stepping randomly (stuck).
 19779 | D:13     | 19779 ||| Stepping randomly (stuck).
 19780 | D:13     | 19780 ||| Stepping randomly (stuck).
 19781 | D:13     | 19781 ||| Stepping randomly (stuck).
 19782 | D:13     | 19782 ||| Stepping randomly (stuck).
 19783 | D:13     | 19783 ||| Stepping randomly (stuck).
 19784 | D:13     | 19784 ||| Stepping randomly (stuck).
 19785 | D:13     | 19785 ||| Stepping randomly (stuck).
 19786 | D:13     | 19786 ||| Stepping randomly (stuck).
 19787 | D:13     | 19787 ||| Stepping randomly (stuck).
 19788 | D:13     | 19788 ||| Stepping randomly (stuck).
 19789 | D:13     | 19789 ||| Stepping randomly (stuck).
 19790 | D:13     | 19790 ||| Stepping randomly (stuck).
 19791 | D:13     | 19791 ||| Stepping randomly (stuck).
 19792 | D:13     | 19792 ||| Stepping randomly (stuck).
 19793 | D:13     | 19793 ||| Stepping randomly (stuck).
 19794 | D:13     | 19794 ||| Stepping randomly (stuck).
 19795 | D:13     | 19795 ||| Stepping randomly (stuck).
 19796 | D:13     | 19796 ||| Stepping randomly (stuck).
 19797 | D:13     | 19797 ||| Stepping randomly (stuck).
 19798 | D:13     | 19798 ||| Stepping randomly (stuck).
 19799 | D:13     | 19799 ||| Stepping randomly (stuck).
 19800 | D:13     | 19800 ||| Stepping randomly (stuck).
 19801 | D:13     | 19801 ||| Stepping randomly (stuck).
 19802 | D:13     | 19802 ||| Stepping randomly (stuck).
 19803 | D:13     | 19803 ||| Stepping randomly (stuck).
 19804 | D:13     | 19804 ||| Stepping randomly (stuck).
 19805 | D:13     | 19805 ||| Stepping randomly (stuck).
 19806 | D:13     | 19806 ||| Stepping randomly (stuck).
 19807 | D:13     | 19807 ||| Stepping randomly (stuck).
 19808 | D:13     | 19808 ||| Stepping randomly (stuck).
 19809 | D:13     | 19809 ||| Stepping randomly (stuck).
 19810 | D:13     | 19810 ||| Stepping randomly (stuck).
 19811 | D:13     | 19811 ||| Stepping randomly (stuck).
 19812 | D:13     | 19812 ||| Stepping randomly (stuck).
 19813 | D:13     | 19813 ||| Stepping randomly (stuck).
 19814 | D:13     | 19814 ||| Stepping randomly (stuck).
 19815 | D:13     | 19815 ||| Stepping randomly (stuck).
 19816 | D:13     | 19816 ||| Stepping randomly (stuck).
 19817 | D:13     | 19817 ||| Stepping randomly (stuck).
 19818 | D:13     | 19818 ||| Stepping randomly (stuck).
 19819 | D:13     | 19819 ||| Stepping randomly (stuck).
 19820 | D:13     | 19820 ||| Stepping randomly (stuck).
 19821 | D:13     | 19821 ||| Stepping randomly (stuck).
 19822 | D:13     | 19822 ||| Stepping randomly (stuck).
 19823 | D:13     | 19823 ||| Stepping randomly (stuck).
 19824 | D:13     | 19824 ||| Stepping randomly (stuck).
 19825 | D:13     | 19825 ||| Stepping randomly (stuck).
 19826 | D:13     | 19826 ||| Stepping randomly (stuck).
 19827 | D:13     | 19827 ||| Stepping randomly (stuck).
 19828 | D:13     | 19828 ||| Stepping randomly (stuck).
 19829 | D:13     | 19829 ||| Stepping randomly (stuck).
 19830 | D:13     | 19830 ||| Stepping randomly (stuck).
 19831 | D:13     | 19831 ||| Stepping randomly (stuck).
 19832 | D:13     | 19832 ||| Stepping randomly (stuck).
 19833 | D:13     | 19833 ||| Stepping randomly (stuck).
 19834 | D:13     | 19834 ||| Stepping randomly (stuck).
 19835 | D:13     | 19835 ||| Stepping randomly (stuck).
 19836 | D:13     | 19836 ||| Stepping randomly (stuck).
 19837 | D:13     | 19837 ||| Stepping randomly (stuck).
 19838 | D:13     | 19838 ||| Stepping randomly (stuck).
 19839 | D:13     | 19839 ||| Stepping randomly (stuck).
 19840 | D:13     | 19840 ||| Stepping randomly (stuck).
 19841 | D:13     | 19841 ||| Stepping randomly (stuck).
 19842 | D:13     | 19842 ||| Stepping randomly (stuck).
 19843 | D:13     | 19843 ||| Stepping randomly (stuck).
 19844 | D:13     | 19844 ||| Stepping randomly (stuck).
 19845 | D:13     | 19845 ||| Stepping randomly (stuck).
 19846 | D:13     | 19846 ||| Stepping randomly (stuck).
 19847 | D:13     | 19847 ||| Stepping randomly (stuck).
 19848 | D:13     | 19848 ||| Stepping randomly (stuck).
 19849 | D:13     | 19849 ||| Stepping randomly (stuck).
 19850 | D:13     | 19850 ||| Stepping randomly (stuck).
 19851 | D:13     | 19851 ||| Stepping randomly (stuck).
 19852 | D:13     | 19852 ||| Stepping randomly (stuck).
 19853 | D:13     | 19853 ||| Stepping randomly (stuck).
 19854 | D:13     | 19854 ||| Stepping randomly (stuck).
 19855 | D:13     | 19855 ||| Stepping randomly (stuck).
 19856 | D:13     | 19856 ||| Stepping randomly (stuck).
 19857 | D:13     | 19857 ||| Stepping randomly (stuck).
 19858 | D:13     | 19858 ||| Stepping randomly (stuck).
 19859 | D:13     | 19859 ||| Stepping randomly (stuck).
 19860 | D:13     | 19860 ||| Stepping randomly (stuck).
 19861 | D:13     | 19861 ||| Stepping randomly (stuck).
 19862 | D:13     | 19862 ||| Stepping randomly (stuck).
 19863 | D:13     | 19863 ||| Stepping randomly (stuck).
 19864 | D:13     | 19864 ||| Stepping randomly (stuck).
 19865 | D:13     | 19865 ||| Stepping randomly (stuck).
 19866 | D:13     | 19866 ||| Stepping randomly (stuck).
 19867 | D:13     | 19867 ||| Stepping randomly (stuck).
 19868 | D:13     | 19868 ||| Stepping randomly (stuck).
 19869 | D:13     | 19869 ||| Stepping randomly (stuck).
 19870 | D:13     | 19870 ||| Stepping randomly (stuck).
 19871 | D:13     | 19871 ||| Stepping randomly (stuck).
 19872 | D:13     | 19872 ||| Stepping randomly (stuck).
 19873 | D:13     | 19873 ||| Stepping randomly (stuck).
 19874 | D:13     | 19874 ||| Stepping randomly (stuck).
 19875 | D:13     | 19875 ||| Stepping randomly (stuck).
 19876 | D:13     | 19876 ||| Stepping randomly (stuck).
 19877 | D:13     | 19877 ||| Stepping randomly (stuck).
 19878 | D:13     | 19878 ||| Stepping randomly (stuck).
 19879 | D:13     | 19879 ||| Stepping randomly (stuck).
 19880 | D:13     | 19880 ||| Stepping randomly (stuck).
 19881 | D:13     | 19881 ||| PLANNING D
 19896 | D:13     | 19896 ||| PLANNING D
 19949 | D:13     | 19949 ||| INVOKING Heroism.
 19955 | D:13     | Paralysed by an ogre mage for 2 turns
 19976 | D:13     | Reached skill level 17 in Ranged Weapons
 19976 | D:13     | Reached XP level 15. HP: 47/100 MP: 24/24
 20010 | D:13     | 20010 ||| INVOKING Heroism.
 20093 | D:13     | 20093 ||| INVOKING Heroism.
 20272 | D:13     | Found a snail-covered altar of Cheibriados.
 20390 | D:13     | 20390 ||| Stepping ~*~*~tactically~*~*~ (outnumbered).
 20391 | D:13     | 20391 ||| INVOKING Heroism.
 20573 | D:13     | Identified the +0 falchion of Growth {flame, *Noise rPois
                  | rF- Dex+9}
 20692 | D:13     | 20692 ||| INVOKING Heroism.
 20833 | D:14     | 20833 ||| Stepping ~*~*~tactically~*~*~ (outnumbered).
 21005 | D:14     | Reached skill level 18 in Ranged Weapons
 21161 | D:14     | 21161 ||| INVOKING Heroism.
 21187 | D:14     | HP: 25/100 [cyan ugly thing (8)]
 21188 | D:14     | 21188 ||| DRINKING potion of heal wounds.
 21206 | D:14     | HP: 16/100 [two-headed ogre/+0 giant club (10)]
 21206 | D:14     | HP: 6/100 [cyan ugly thing (5)]
 21208 | D:14     | Slain by a cyan ugly thing

Levels and vault maps discovered:
D:1:      eino_arrival_cavern_b, layout_loops_corners,
          shapermc_ecumenical_altar_notcrosses, chequers_serial_rivers_small_3
D:2:      minmay_evil_eye, layout_basic
D:3:      layout_basic, nicolae_uskayaw_dance_hall, lightli_temple_of_fire,
          lemuel_coloured_pillars_altar, yredelemnul_forgotten_temple_becter
D:4:      gammafunk_cloud_chamber, layout_basic, old_standard_altar,
          nicolae_wooded_promenade
D:5:      layout_basic, tso_altar, uniq_blork_the_orc
D:6:      layout_gridville, gammafunk_ghost_abyssal_escape
D:7:      layout_basic, nzn_wu_jian_council_hall, kennysheep_mini,
          minmay_temple_entry_butterflies, uniq_duvessa
D:8:      layout_cave_pods, mainiacjoe_overflow_alcove_4
D:9:      layout_basic, serial_aquarium, aquarium_bridge_square
          [aquarium_subvault_wall, aquarium_subvault_bridge,
          aquarium_subvault_balcony, aquarium_subvault_wall],
          aquarium_window_fake, aquarium_window_fake, aquarium_view_2e,
          aquarium_pool_2, serial_bayou_pond_c
D:10:     layout_basic, nicolae_overflow_crystal_walls, david_orc_2,
          onia_ninara_cookie
D:11:     minmay_inside_and_out, layout_cave_pools, david_lair_shrubbed,
          minmay_misc_feat_rows, hive_lemuel
D:12:     layout_gridville, serial_shops, shop, minmay_tree_intersection
D:13:     wad_woods_minihive, layout_rooms, kennysheep_slug_shrine
D:14:     layout_long_grid, david_vaults_2, kennysheep_cross_landing,
          blue_anna_alchemist
Temple:   ebering_untended_altars
Lair:1:   layout_hall_layers, wad_woods_02, uniq_grum
Lair:2:   layout_loops_ring, palyth_hydra_swamp_entry,
          guppyfry_snake_entry_island, hellmonk_ghost_happy_afterlife
Lair:3:   layout_cellular_growth, nicolae_quartered_pool_medium,
          grunt_megastairs_4
Lair:4:   layout_gridlike, nicolae_slime_entry_field_trip, minivault_25,
          lookout_lair_type, chequers_serial_rivers_micro_c
Lair:5:   evilmike_catoblepas_cave, layout_regular_city, enter_volcano_1,
          st_stairs_3

Skill      XL: |  1  2  3  4  5  6  7  8  9 10 11 12 13 14 15 |
---------------+----------------------------------------------+-----
Ranged Weapons | 3 4 5 6 7 9 11 13 14 16 17 18 | 18.2
Fighting       | 2 4 6 8 10 12 14 | 14.0
Armour         | 1 2 3 4 5 6 7 9 |  9.0
Dodging        | 2 3 4 6 7 8 |  8.0
Invocations    | 3 4 5 10 | 10.0
Spellcasting   | |  1.0
Hexes          | |  2.6

Action                     |  1- 3 |  4- 6 |  7- 9 | 10-12 | 13-15 || total
---------------------------+-------+-------+-------+-------+-------++-------
   Fire: Sling             |   134 |    75 |       |       |       ||   209
         Shortbow          |       |       |   519 |       |       ||   519
         Orcbow            |       |       |    82 |   663 |   591 ||  1336
         Longbow           |       |       |       |       |   392 ||   392
 Invoke: Heroism           |       |       |       |    25 |    29 ||    54
         Finesse           |       |       |       |       |     3 ||     3
    Use: Scroll            |     7 |     1 |     8 |    10 |    11 ||    37
         Potion            |     1 |     3 |     4 |     5 |     3 ||    16
 Armour: Robe              |     8 |       |       |       |       ||     8
         Ring mail         |    17 |    44 |   297 |   236 |   287 ||   881
         Leather armour    |     8 |       |       |       |       ||     8
  Dodge: Dodged            |    51 |    55 |   232 |   222 |   571 ||  1131
  Block: Other             |     7 |    18 |   136 |    82 |    56 ||   299
         Reflection        |       |     1 |     3 |     4 |     4 ||    12

Table legend:
 A = Non-vault XP
 B = Vault XP
 C = Vault XP percentage of total XP
 D = Non-vault monster count
 E = Vault monster count
 F = Vault count percentage of total count
                 A         B        C        D         E       F
            +---------+---------+-------+---------+---------+-------
      Total |   74092 |   28781 |  28.0 |     366 |     130 |  26.2
            +---------+---------+-------+---------+---------+-------
        D:1 |      35 |       0 |   0.0 |      20 |       0 |   0.0
        D:2 |      21 |       7 |  25.0 |      13 |       4 |  23.5
        D:3 |      91 |       1 |   1.1 |       6 |       1 |  14.3
        D:4 |     123 |       0 |   0.0 |      13 |       0 |   0.0
        D:5 |     993 |      90 |   8.3 |      23 |       1 |   4.2
        D:6 |     338 |       0 |   0.0 |      15 |       0 |   0.0
        D:7 |     749 |     215 |  22.3 |      22 |       2 |   8.3
        D:8 |    1368 |       0 |   0.0 |      14 |       0 |   0.0
        D:9 |    1616 |       0 |   0.0 |      23 |       0 |   0.0
       D:10 |    2132 |    4141 |  66.0 |      19 |      27 |  58.7
       D:11 |    3526 |    3533 |  50.0 |      17 |      11 |  39.3
       D:12 |    3316 |       0 |   0.0 |      11 |       0 |   0.0
       D:13 |   13442 |    1999 |  12.9 |      23 |      33 |  58.9
       D:14 |    6011 |     526 |   8.0 |      14 |       1 |   6.7
     Lair:1 |    5171 |    1066 |  17.1 |      23 |       6 |  20.7
     Lair:2 |    4805 |    3241 |  40.3 |      17 |       9 |  34.6
     Lair:3 |    9668 |    1501 |  13.4 |      29 |       4 |  12.1
     Lair:4 |   10260 |     250 |   2.4 |      33 |       6 |  15.4
     Lair:5 |   10427 |   12211 |  53.9 |      31 |      25 |  44.6
            +---------+---------+-------+---------+---------+-------
